Workbook

Sheet Aggregation
A1: Exhibit VI
A2: FORM 1 OF THE NEW MEXICO TITLE INSURANCE UNDERWRITERS STATISTICAL REPORT
A3: Aggregated for all Underwriters
A4: For the Year Ended December 31, 2024
D6: Non-Affiliated | E6: Affiliated
C7: Direct | D7: Agency | E7: Agency
C8: Operations | D8: Operations | E8: Operations | F8: Total
A9: Part A: Revenue
A10: 1. | B10: Direct premiums written | C10: =ROUND(SUM('Alamo Title Insurance:WFG National Title Insurance Co'!C19),0) -> 19541080 | D10: =ROUND(SUM('Alamo Title Insurance:WFG National Title Insurance Co'!D19),0) -> 38726394 | E10: =ROUND(SUM('Alamo Title Insurance:WFG National Title Insurance Co'!E19),0) -> 48992877 | F10: =SUM(C10:E10) -> 107260351
A11: 2. | B11: Direct premiums written that are retained by agent | C11: =ROUND(SUM('Alamo Title Insurance:WFG National Title Insurance Co'!C20),0) -> 14991424 | D11: =ROUND(SUM('Alamo Title Insurance:WFG National Title Insurance Co'!D20),0) -> 34033072 | E11: =ROUND(SUM('Alamo Title Insurance:WFG National Title Insurance Co'!E20),0) -> 36560467 | F11: =SUM(C11:E11) -> 85584963
A12: 3. | B12: Direct premiums written that are remitted to underwriter | C12: =C10-C11 -> 4549656 | D12: =D10-D11 -> 4693322 | E12: =E10-E11 -> 12432410 | F12: =F10-F11 -> 21675388
A13: 4. | B13: Escrow and settlement service charges | C13: =ROUND(SUM('Alamo Title Insurance:WFG National Title Insurance Co'!C22),0) -> 388515 | D13: =ROUND(SUM('Alamo Title Insurance:WFG National Title Insurance Co'!D22),0) -> 1116772 | E13: =ROUND(SUM('Alamo Title Insurance:WFG National Title Insurance Co'!E22),0) -> 0 | F13: =SUM(C13:E13) -> 1505287
A14: 5. | B14: Other title fees and service charges | C14: =ROUND(SUM('Alamo Title Insurance:WFG National Title Insurance Co'!C23),0) -> 309833 | D14: =ROUND(SUM('Alamo Title Insurance:WFG National Title Insurance Co'!D23),0) -> 2487 | E14: =ROUND(SUM('Alamo Title Insurance:Westcor Land Title Insurance Co'!E23),0) -> 0 | F14: =ROUND(SUM('Alamo Title Insurance:WFG National Title Insurance Co'!F23),0) -> 312320
A15: 6. | B15: Total Other Income | C15: =SUM(C13:C14) -> 698348 | D15: =SUM(D13:D14) -> 1119259 | E15: =SUM(E13:E14) -> 0 | F15: =SUM(C15:E15) -> 1817607
A16: 7. | B16: Total Revenue | C16: =C12+C15 -> 5248004 | D16: =D12+D15 -> 5812581 | E16: =E12+E15 -> 12432410 | F16: =SUM(C16:E16) -> 23492995
A18: For underwriters that charge rates below the promulgated rates:
A19: 8. | B19: Direct premiums as if they had been written at promulgated rates | C19: =ROUND(SUM('Alamo Title Insurance:Westcor Land Title Insurance Co'!C28),0) -> 0 | D19: =ROUND(SUM('Alamo Title Insurance:Westcor Land Title Insurance Co'!D28),0) -> 0 | E19: =ROUND(SUM('Alamo Title Insurance:Westcor Land Title Insurance Co'!E28),0) -> 864247 | F19: =SUM(C19:E19) -> 864247
A21: Part B: Corporate Expenses
A23: 1. | B23: Losses and loss adjustment expenses incurred | C23: =ROUND(SUM('Alamo Title Insurance:WFG National Title Insurance Co'!C37),0) -> 436145 | D23: =ROUND(SUM('Alamo Title Insurance:WFG National Title Insurance Co'!D37),0) -> 1714855 | E23: =ROUND(SUM('Alamo Title Insurance:WFG National Title Insurance Co'!E37),0) -> 766324 | F23: =SUM(C23:E23)+0.4 -> 2917324.4
A24: 2. | B24: Total personnel costs | C24: =ROUND(SUM('Alamo Title Insurance:WFG National Title Insurance Co'!C38),0) -> 841307 | D24: =ROUND(SUM('Alamo Title Insurance:WFG National Title Insurance Co'!D38),0) -> 3896701 | E24: =ROUND(SUM('Alamo Title Insurance:WFG National Title Insurance Co'!E38),0) -> 1203666 | F24: =SUM(C24:E24) -> 5941674
A25: 3. | B25: Total production services purchased outside | C25: =ROUND(SUM('Alamo Title Insurance:WFG National Title Insurance Co'!C39),0) -> -166582 | D25: =ROUND(SUM('Alamo Title Insurance:WFG National Title Insurance Co'!D39),0) -> 144864 | E25: =ROUND(SUM('Alamo Title Insurance:WFG National Title Insurance Co'!E39),0) -> 3586 | F25: =SUM(C25:E25) -> -18132
A26: 4. | B26: Advertising | C26: =ROUND(SUM('Alamo Title Insurance:WFG National Title Insurance Co'!C40),0) -> 1628 | D26: =ROUND(SUM('Alamo Title Insurance:WFG National Title Insurance Co'!D40),0) -> 39544 | E26: =ROUND(SUM('Alamo Title Insurance:WFG National Title Insurance Co'!E40),0) -> 7231 | F26: =SUM(C26:E26) -> 48403
A27: 5. | B27: Boards, bureaus and associations | C27: =ROUND(SUM('Alamo Title Insurance:WFG National Title Insurance Co'!C41),0) -> 1077 | D27: =ROUND(SUM('Alamo Title Insurance:WFG National Title Insurance Co'!D41),0) -> 91199 | E27: =ROUND(SUM('Alamo Title Insurance:WFG National Title Insurance Co'!E41),0) -> 4167 | F27: =SUM(C27:E27) -> 96443
A28: 6. | B28: Title plant rent and maintenance | C28: =ROUND(SUM('Alamo Title Insurance:WFG National Title Insurance Co'!C42),0) -> 78164 | D28: =ROUND(SUM('Alamo Title Insurance:WFG National Title Insurance Co'!D42),0) -> 103909 | E28: =ROUND(SUM('Alamo Title Insurance:WFG National Title Insurance Co'!E42),0) -> 6654 | F28: =SUM(C28:E28) -> 188727
A29: 7. | B29: Claim adjustment services | C29: =ROUND(SUM('Alamo Title Insurance:WFG National Title Insurance Co'!C43),0) -> 0 | D29: =ROUND(SUM('Alamo Title Insurance:WFG National Title Insurance Co'!D43),0) -> 0 | E29: =ROUND(SUM('Alamo Title Insurance:WFG National Title Insurance Co'!E43),0) -> 200 | F29: =SUM(C29:E29) -> 200
A30: 8. | B30: Amounts charged off, net of recoveries | C30: =ROUND(SUM('Alamo Title Insurance:WFG National Title Insurance Co'!C44),0) -> 109 | D30: =ROUND(SUM('Alamo Title Insurance:WFG National Title Insurance Co'!D44),0) -> 69277 | E30: =ROUND(SUM('Alamo Title Insurance:WFG National Title Insurance Co'!E44),0) -> 136 | F30: =SUM(C30:E30) -> 69522
A31: 9. | B31: Marketing and promotional expenses | C31: =ROUND(SUM('Alamo Title Insurance:WFG National Title Insurance Co'!C45),0) -> 5173 | D31: =ROUND(SUM('Alamo Title Insurance:WFG National Title Insurance Co'!D45),0) -> 65955 | E31: =ROUND(SUM('Alamo Title Insurance:WFG National Title Insurance Co'!E45),0) -> 12443 | F31: =SUM(C31:E31) -> 83571
A32: 10. | B32: Insurance | C32: =ROUND(SUM('Alamo Title Insurance:WFG National Title Insurance Co'!C46),0) -> 2761 | D32: =ROUND(SUM('Alamo Title Insurance:WFG National Title Insurance Co'!D46),0) -> 61651 | E32: =ROUND(SUM('Alamo Title Insurance:WFG National Title Insurance Co'!E46),0) -> 7753 | F32: =SUM(C32:E32) -> 72165
A33: 11. | B33: Directors' fees | C33: =ROUND(SUM('Alamo Title Insurance:WFG National Title Insurance Co'!C47),0) -> 1 | D33: =ROUND(SUM('Alamo Title Insurance:WFG National Title Insurance Co'!D47),0) -> 1711 | E33: =ROUND(SUM('Alamo Title Insurance:WFG National Title Insurance Co'!E47),0) -> 0 | F33: =SUM(C33:E33) -> 1712
A34: 12. | B34: Travel and travel items | C34: =ROUND(SUM('Alamo Title Insurance:WFG National Title Insurance Co'!C48),0) -> 15054 | D34: =ROUND(SUM('Alamo Title Insurance:WFG National Title Insurance Co'!D48),0) -> 222953 | E34: =ROUND(SUM('Alamo Title Insurance:WFG National Title Insurance Co'!E48),0) -> 35618 | F34: =SUM(C34:E34) -> 273625
A35: 13. | B35: Rent and rent items | C35: =ROUND(SUM('Alamo Title Insurance:WFG National Title Insurance Co'!C49),0) -> 19749 | D35: =ROUND(SUM('Alamo Title Insurance:WFG National Title Insurance Co'!D49),0) -> 296517 | E35: =ROUND(SUM('Alamo Title Insurance:WFG National Title Insurance Co'!E49),0) -> 28127 | F35: =SUM(C35:E35) -> 344393
... A44: 22. | B44: Aggregate write-ins for miscellaneous expenses | C44: =ROUND(SUM('Alamo Title Insurance:WFG National Title Insurance Co'!C58),0) -> 11629 | D44: =ROUND(SUM('Alamo Title Insurance:WFG National Title Insurance Co'!D58),0) -> 697447 | E44: =ROUND(SUM('Alamo Title Insurance:WFG National Title Insurance Co'!E58),0) -> 9401 | F44: =SUM(C44:E44) -> 718477
A45: 23. | B45: Total Corporate Expenses | C45: =SUM(C23:C44) -> 2079313 | D45: =SUM(D23:D44) -> 10064469 | E45: =SUM(E23:E44) -> 4370776 | F45: =SUM(F23:F44) -> 16514558
A47: Part C: Net Income
A48: 1. | B48: Income (Loss) | C48: =C16-C45 -> 3168691 | D48: =D16-D45 -> -4251888 | E48: =E16-E45 -> 8061634 | F48: =F16-F45-1 -> 6978435.6

Sheet Alamo Title Insurance
A1: NEW MEXICO TITLE INSURANCE UNDERWRITERS STATISTICAL REPORT
A2: FORM 1: STATEMENT OF INCOME AND EXPENSES
A3: For Calendar Year Ending December 31, 2024
A4: NEW MEXICO EXPERIENCE ONLY
B5: Insurance Company: | C5: Alamo Title Insurance
B6: NAIC Code: | C6: 50598
D8: Yes | E8: No
C9: Do you have direct operations or affiliated agencies in New Mexico? | E9: X
C11: If you DO have direct operations or affiliated agencies in New Mexico,
B12: are the expenses that are reported by those direct operations or affiliated agencies on their Agent Statistical Reports also included on Part B below? | D12: Yes | E12: No
H14: Total Other | I14: NAIC
D15: Non-Affiliated | E15: Affiliated | H15: Income From | I15: Annual
C16: Direct | D16: Agency | E16: Agency | H16: Direct | I16: Statement
C17: Operations | D17: Operations | E17: Operations | F17: Total | H17: Operation ASR | I17: Schedule T | J17: Difference
A18: Part A: Revenue
A19: 1. | B19: Direct premiums written | C19: 0 | D19: 0 | E19: 0 | F19: =SUM(C19:E19) -> 0 | I19: 0 | J19: =F19-I19 -> 0
A20: 2. | B20: Direct premiums written that are retained by agent | C20: 0 | D20: 0 | E20: 0 | F20: =SUM(C20:E20) -> 0
A21: 3. | B21: Direct premiums written that are remitted to underwriter | C21: =C19-C20 -> 0 | D21: =D19-D20 -> 0 | E21: =E19-E20 -> 0 | F21: =SUM(C21:E21) -> 0
A22: 4. | B22: Escrow and settlement service charges | C22: 0 | D22: 0 | E22: 0 | F22: =SUM(C22:E22) -> 0
A23: 5. | B23: Other title fees and service charges | C23: 0 | D23: 0 | E23: 0 | F23: =SUM(C23:E23) -> 0
A24: 6. | B24: Total Other Income | C24: =C22+C23 -> 0 | D24: =D22+D23 -> 0 | E24: =E22+E23 -> 0 | F24: =SUM(C24:E24) -> 0 | H24: 0 | I24: 0 | J24: =F24+H24-I24 -> 0
A25: 7. | B25: Total Revenue | C25: =C21+C24 -> 0 | D25: =D21+D24 -> 0 | E25: =E21+E24 -> 0 | F25: =SUM(C25:E25) -> 0
A27: For underwriters that charge rates below the promulgated rates: | I27: From Form 3 | J27: Difference
A28: 8. | B28: Direct premiums as if they had been written at promulgated rates | C28: 0 | D28: 0 | E28: 0 | F28: =SUM(C28:E28) -> 0 | I28: 0 | J28: =F28-I28 -> 0
A30: Part B: Corporate Expenses
A32: Line 1 as defined per NAIC Annual Statement, STATEMENT OF INCOME Exhibit.
A33: Lines 2 through 22 as defined per NAIC Annual Statement, EXPENSES Exhibit.
A35: All entries should show NEW MEXICO expenses only and should NOT show any expenses reported by a direct or affiliated operation on their Agent Statistical Reports.
A37: 1. | B37: Losses and loss adjustment expenses incurred | C37: 0 | D37: 1257743 | E37: 0 | F37: =SUM(C37:E37) -> 1257743
A38: 2. | B38: Total personnel costs | C38: 0 | D38: 0 | E38: 0 | F38: =SUM(C38:E38) -> 0
A39: 3. | B39: Total production services purchased outside | C39: 0 | D39: 0 | E39: 0 | F39: =SUM(C39:E39) -> 0
A40: 4. | B40: Advertising | C40: 0 | D40: 0 | E40: 0 | F40: =SUM(C40:E40) -> 0
A41: 5. | B41: Boards, bureaus and associations | C41: 0 | D41: 0 | E41: 0 | F41: =SUM(C41:E41) -> 0
A42: 6. | B42: Title plant rent and maintenance | C42: 0 | D42: 0 | E42: 0 | F42: =SUM(C42:E42) -> 0
A43: 7. | B43: Claim adjustment services | C43: 0 | D43: 0 | E43: 0 | F43: =SUM(C43:E43) -> 0
A44: 8. | B44: Amounts charged off, net of recoveries | C44: 0 | D44: 0 | E44: 0 | F44: =SUM(C44:E44) -> 0
A45: 9. | B45: Marketing and promotional expenses | C45: 0 | D45: 0 | E45: 0 | F45: =SUM(C45:E45) -> 0
A46: 10. | B46: Insurance | C46: 0 | D46: 0 | E46: 0 | F46: =SUM(C46:E46) -> 0
A47: 11. | B47: Directors' fees | C47: 0 | D47: 0 | E47: 0 | F47: =SUM(C47:E47) -> 0
A48: 12. | B48: Travel and travel items | C48: 0 | D48: 0 | E48: 0 | F48: =SUM(C48:E48) -> 0
... A58: 22. | B58: Aggregate write-ins for miscellaneous expenses | C58: 0 | D58: 0 | E58: 0 | F58: =SUM(C58:E58) -> 0
A59: 23. | B59: Total Corporate Expenses | C59: =SUM(C37:C58) -> 0 | D59: =SUM(D37:D58) -> 1258543 | E59: =SUM(E37:E58) -> 0 | F59: =SUM(F37:F58) -> 1258543
A61: Part C: Net Income
A62: 1. | B62: Income (Loss) | C62: =C25-C59 -> 0 | D62: =D25-D59 -> -1258543 | E62: =E25-E59 -> 0 | F62: =SUM(C62:E62) -> -1258543

Sheet Alliant National Title Ins Co
A1: NEW MEXICO TITLE INSURANCE UNDERWRITERS STATISTICAL REPORT
A2: FORM 1: STATEMENT OF INCOME AND EXPENSES
A3: For Calendar Year Ending December 31, 2024
A4: NEW MEXICO EXPERIENCE ONLY
B5: Insurance Company: | C5: Alliant National Title Insurance Company, Inc.
B6: NAIC Code: | C6: 12309
D8: Yes | E8: No
C9: Do you have direct operations or affiliated agencies in New Mexico? | E9: No
C11: If you DO have direct operations or affiliated agencies in New Mexico,
B12: are the expenses that are reported by those direct operations or affiliated agencies on their Agent Statistical Reports also included on Part B below? | D12: Yes | E12: No
D13: N/A | E13: N/A
H14: Total Other | I14: NAIC
D15: Non-Affiliated | E15: Affiliated | H15: Income From | I15: Annual
C16: Direct | D16: Agency | E16: Agency | H16: Direct | I16: Statement
C17: Operations | D17: Operations | E17: Operations | F17: Total | H17: Operation ASR | I17: Schedule T | J17: Difference
A18: Part A: Revenue
A19: 1. | B19: Direct premiums written | C19: 0 | D19: 1127010 | E19: 0 | F19: =SUM(C19:E19) -> 1127010 | I19: 1127010 | J19: =F19-I19 -> 0
A20: 2. | B20: Direct premiums written that are retained by agent | C20: 0 | D20: 906068 | E20: 0 | F20: =SUM(C20:E20) -> 906068
A21: 3. | B21: Direct premiums written that are remitted to underwriter | C21: =C19-C20 -> 0 | D21: =D19-D20 -> 220942 | E21: =E19-E20 -> 0 | F21: =SUM(C21:E21) -> 220942
A22: 4. | B22: Escrow and settlement service charges | C22: 0 | D22: 0 | E22: 0 | F22: =SUM(C22:E22) -> 0
A23: 5. | B23: Other title fees and service charges | C23: 0 | D23: 0 | E23: 0 | F23: =SUM(C23:E23) -> 0
A24: 6. | B24: Total Other Income | C24: =C22+C23 -> 0 | D24: =D22+D23 -> 0 | E24: =E22+E23 -> 0 | F24: =SUM(C24:E24) -> 0 | H24: 0 | I24: 0 | J24: =F24+H24-I24 -> 0
A25: 7. | B25: Total Revenue | C25: =C21+C24 -> 0 | D25: =D21+D24 -> 220942 | E25: =E21+E24 -> 0 | F25: =SUM(C25:E25) -> 220942
A27: For underwriters that charge rates below the promulgated rates: | I27: From Form 3 | J27: Difference
A28: 8. | B28: Direct premiums as if they had been written at promulgated rates | C28: 0 | D28: 0 | E28: 0 | F28: =SUM(C28:E28) -> 0 | I28: 0 | J28: =F28-I28 -> 0
A30: Part B: Corporate Expenses
A32: Line 1 as defined per NAIC Annual Statement, STATEMENT OF INCOME Exhibit.
A33: Lines 2 through 22 as defined per NAIC Annual Statement, EXPENSES Exhibit.
A35: All entries should show NEW MEXICO expenses only and should NOT show any expenses reported by a direct or affiliated operation on their Agent Statistical Reports.
A37: 1. | B37: Losses and loss adjustment expenses incurred | C37: 0 | D37: 12881.911 | E37: 0 | F37: =SUM(C37:E37) -> 12881.911
A38: 2. | B38: Total personnel costs | C38: 0 | D38: 133444.69 | E38: 0 | F38: =SUM(C38:E38) -> 133444.69
A39: 3. | B39: Total production services purchased outside | C39: 0 | D39: 0 | E39: 0 | F39: =SUM(C39:E39) -> 0
A40: 4. | B40: Advertising | C40: 0 | D40: 367.12659 | E40: 0 | F40: =SUM(C40:E40) -> 367.12659
A41: 5. | B41: Boards, bureaus and associations | C41: 0 | D41: 3923.5105 | E41: 0 | F41: =SUM(C41:E41) -> 3923.5105
A42: 6. | B42: Title plant rent and maintenance | C42: 0 | D42: 0 | E42: 0 | F42: =SUM(C42:E42) -> 0
A43: 7. | B43: Claim adjustment services | C43: 0 | D43: 0 | E43: 0 | F43: =SUM(C43:E43) -> 0
A44: 8. | B44: Amounts charged off, net of recoveries | C44: 0 | D44: 5019.3 | E44: 0 | F44: =SUM(C44:E44) -> 5019.3
A45: 9. | B45: Marketing and promotional expenses | C45: 0 | D45: 1259.5444 | E45: 0 | F45: =SUM(C45:E45) -> 1259.5444
A46: 10. | B46: Insurance | C46: 0 | D46: 6429.3789 | E46: 0 | F46: =SUM(C46:E46) -> 6429.3789
A47: 11. | B47: Directors' fees | C47: 0 | D47: 1545.1551 | E47: 0 | F47: =SUM(C47:E47) -> 1545.1551
A48: 12. | B48: Travel and travel items | C48: 0 | D48: 1734.38 | E48: 0 | F48: =SUM(C48:E48) -> 1734.38
... A58: 22. | B58: Aggregate write-ins for miscellaneous expenses | C58: 0 | D58: 18079 | E58: 0 | F58: =SUM(C58:E58) -> 18079
A59: 23. | B59: Total Corporate Expenses | C59: =SUM(C37:C58) -> 0 | D59: =SUM(D37:D58) -> 256616.07 | E59: =SUM(E37:E58) -> 0 | F59: =SUM(F37:F58) -> 256616.07
A61: Part C: Net Income
A62: 1. | B62: Income (Loss) | C62: =C25-C59 -> 0 | D62: =D25-D59 -> -35674.07 | E62: =E25-E59 -> 0 | F62: =SUM(C62:E62) -> -35674.07

Sheet AmTrust Title Insurance Co
A1: NEW MEXICO TITLE INSURANCE UNDERWRITERS STATISTICAL REPORT
A2: FORM 1: STATEMENT OF INCOME AND EXPENSES
A3: For Calendar Year Ending December 31, 2024
A4: NEW MEXICO EXPERIENCE ONLY
B5: Insurance Company: | C5: AmTrust Title Insurance Company
B6: NAIC Code: | C6: 51578
D8: Yes | E8: No
C9: Do you have direct operations or affiliated agencies in New Mexico? | D9: Yes
C11: If you DO have direct operations or affiliated agencies in New Mexico,
B12: are the expenses that are reported by those direct operations or affiliated agencies on their Agent Statistical Reports also included on Part B below? | D12: Yes | E12: No
D13: No
H14: Total Other | I14: NAIC
D15: Non-Affiliated | E15: Affiliated | H15: Income From | I15: Annual
C16: Direct | D16: Agency | E16: Agency | H16: Direct | I16: Statement
C17: Operations | D17: Operations | E17: Operations | F17: Total | H17: Operation ASR | I17: Schedule T | J17: Difference
A18: Part A: Revenue
A19: 1. | B19: Direct premiums written | C19: 0 | D19: 876813 | E19: 0 | F19: =SUM(C19:E19) -> 876813 | I19: 876813 | J19: =F19-I19 -> 0
A20: 2. | B20: Direct premiums written that are retained by agent | C20: 0 | D20: 5005199.6 | E20: 0 | F20: =SUM(C20:E20) -> 5005199.6
A21: 3. | B21: Direct premiums written that are remitted to underwriter | C21: =C19-C20 -> 0 | D21: =D19-D20 -> -4128386.6 | E21: =E19-E20 -> 0 | F21: =SUM(C21:E21) -> -4128386.6
A22: 4. | B22: Escrow and settlement service charges | C22: 0 | D22: 1116772 | E22: 0 | F22: =SUM(C22:E22) -> 1116772
A23: 5. | B23: Other title fees and service charges | C23: 0 | D23: 0 | E23: 0 | F23: =SUM(C23:E23) -> 0
A24: 6. | B24: Total Other Income | C24: =C22+C23 -> 0 | D24: =D22+D23 -> 1116772 | E24: =E22+E23 -> 0 | F24: =SUM(C24:E24) -> 1116772 | H24: 0 | I24: 1116772 | J24: =F24+H24-I24 -> 0
A25: 7. | B25: Total Revenue | C25: =C21+C24 -> 0 | D25: =D21+D24 -> -3011614.6 | E25: =E21+E24 -> 0 | F25: =SUM(C25:E25) -> -3011614.6
A27: For underwriters that charge rates below the promulgated rates: | I27: From Form 3 | J27: Difference
A28: 8. | B28: Direct premiums as if they had been written at promulgated rates | C28: 0 | D28: 0 | E28: 0 | F28: =SUM(C28:E28) -> 0 | I28: 0 | J28: =F28-I28 -> 0
A30: Part B: Corporate Expenses
A32: Line 1 as defined per NAIC Annual Statement, STATEMENT OF INCOME Exhibit.
A33: Lines 2 through 22 as defined per NAIC Annual Statement, EXPENSES Exhibit.
A35: All entries should show NEW MEXICO expenses only and should NOT show any expenses reported by a direct or affiliated operation on their Agent Statistical Reports.
A37: 1. | B37: Losses and loss adjustment expenses incurred | C37: 0 | D37: 0 | E37: 0 | F37: =SUM(C37:E37) -> 0
A38: 2. | B38: Total personnel costs | C38: 0 | D38: 1688593 | E38: 0 | F38: =SUM(C38:E38) -> 1688593
A39: 3. | B39: Total production services purchased outside | C39: 0 | D39: 0 | E39: 0 | F39: =SUM(C39:E39) -> 0
A40: 4. | B40: Advertising | C40: 0 | D40: 16595 | E40: 0 | F40: =SUM(C40:E40) -> 16595
A41: 5. | B41: Boards, bureaus and associations | C41: 0 | D41: 39088 | E41: 0 | F41: =SUM(C41:E41) -> 39088
A42: 6. | B42: Title plant rent and maintenance | C42: 0 | D42: 7423 | E42: 0 | F42: =SUM(C42:E42) -> 7423
A43: 7. | B43: Claim adjustment services | C43: 0 | D43: 0 | E43: 0 | F43: =SUM(C43:E43) -> 0
A44: 8. | B44: Amounts charged off, net of recoveries | C44: 0 | D44: 0 | E44: 0 | F44: =SUM(C44:E44) -> 0
A45: 9. | B45: Marketing and promotional expenses | C45: 0 | D45: 13973 | E45: 0 | F45: =SUM(C45:E45) -> 13973
A46: 10. | B46: Insurance | C46: 0 | D46: 14734 | E46: 0 | F46: =SUM(C46:E46) -> 14734
A47: 11. | B47: Directors' fees | C47: 0 | D47: 0 | E47: 0 | F47: =SUM(C47:E47) -> 0
A48: 12. | B48: Travel and travel items | C48: 0 | D48: 106182 | E48: 0 | F48: =SUM(C48:E48) -> 106182
... A58: 22. | B58: Aggregate write-ins for miscellaneous expenses | C58: 0 | D58: 232986 | E58: 0 | F58: =SUM(C58:E58) -> 232986
A59: 23. | B59: Total Corporate Expenses | C59: =SUM(C37:C58) -> 0 | D59: =SUM(D37:D58) -> 2619505 | E59: =SUM(E37:E58) -> 0 | F59: =SUM(F37:F58) -> 2619505
A61: Part C: Net Income
A62: 1. | B62: Income (Loss) | C62: =C25-C59 -> 0 | D62: =D25-D59 -> -5631119.6 | E62: =E25-E59 -> 0 | F62: =SUM(C62:E62) -> -5631119.6

Sheet Chicago Title Insurance Company
A1: NEW MEXICO TITLE INSURANCE UNDERWRITERS STATISTICAL REPORT
A2: FORM 1: STATEMENT OF INCOME AND EXPENSES
A3: For Calendar Year Ending December 31, 2024
A4: NEW MEXICO EXPERIENCE ONLY
B5: Insurance Company: | C5: Chicago Title Insurance Company
B6: NAIC Code: | C6: 50229
D8: Yes | E8: No
C9: Do you have direct operations or affiliated agencies in New Mexico? | D9: X
C11: If you DO have direct operations or affiliated agencies in New Mexico,
B12: are the expenses that are reported by those direct operations or affiliated agencies on their Agent Statistical Reports also included on Part B below? | D12: Yes | E12: No
E13: X
H14: Total Other | I14: NAIC
D15: Non-Affiliated | E15: Affiliated | H15: Income From | I15: Annual
C16: Direct | D16: Agency | E16: Agency | H16: Direct | I16: Statement
C17: Operations | D17: Operations | E17: Operations | F17: Total | H17: Operation ASR | I17: Schedule T | J17: Difference
A18: Part A: Revenue
A19: 1. | B19: Direct premiums written | C19: 0 | D19: 4145496 | E19: 1626375 | F19: =SUM(C19:E19) -> 5771871 | I19: 5771871 | J19: =F19-I19 -> 0
A20: 2. | B20: Direct premiums written that are retained by agent | C20: 0 | D20: 3262138 | E20: 1040621 | F20: =SUM(C20:E20) -> 4302759
A21: 3. | B21: Direct premiums written that are remitted to underwriter | C21: =C19-C20 -> 0 | D21: =D19-D20 -> 883358 | E21: =E19-E20 -> 585754 | F21: =SUM(C21:E21) -> 1469112
A22: 4. | B22: Escrow and settlement service charges | C22: 24180 | D22: 0 | E22: 0 | F22: =SUM(C22:E22) -> 24180
A23: 5. | B23: Other title fees and service charges | C23: 20483 | D23: 780 | E23: 0 | F23: =SUM(C23:E23) -> 21263
A24: 6. | B24: Total Other Income | C24: =C22+C23 -> 44663 | D24: =D22+D23 -> 780 | E24: =E22+E23 -> 0 | F24: =SUM(C24:E24) -> 45443 | H24: 0 | I24: 45443 | J24: =F24+H24-I24 -> 0
A25: 7. | B25: Total Revenue | C25: =C21+C24 -> 44663 | D25: =D21+D24 -> 884138 | E25: =E21+E24 -> 585754 | F25: =SUM(C25:E25) -> 1514555
A27: For underwriters that charge rates below the promulgated rates: | I27: From Form 3 | J27: Difference
A28: 8. | B28: Direct premiums as if they had been written at promulgated rates | C28: 0 | D28: 0 | E28: 0 | F28: =SUM(C28:E28) -> 0 | I28: 0 | J28: =F28-I28 -> 0
A30: Part B: Corporate Expenses
A32: Line 1 as defined per NAIC Annual Statement, STATEMENT OF INCOME Exhibit.
A33: Lines 2 through 22 as defined per NAIC Annual Statement, EXPENSES Exhibit.
A35: All entries should show NEW MEXICO expenses only and should NOT show any expenses reported by a direct or affiliated operation on their Agent Statistical Reports.
A37: 1. | B37: Losses and loss adjustment expenses incurred | C37: 0 | D37: -97081 | E37: 0 | F37: =SUM(C37:E37) -> -97081
A38: 2. | B38: Total personnel costs | C38: 26511 | D38: 190970 | E38: 21722 | F38: =SUM(C38:E38) -> 239203
A39: 3. | B39: Total production services purchased outside | C39: 4610 | D39: 131432 | E39: 64 | F39: =SUM(C39:E39) -> 136106
A40: 4. | B40: Advertising | C40: 460 | D40: 1095 | E40: 368 | F40: =SUM(C40:E40) -> 1923
A41: 5. | B41: Boards, bureaus and associations | C41: 63 | D41: 4136 | E41: 37 | F41: =SUM(C41:E41) -> 4236
A42: 6. | B42: Title plant rent and maintenance | C42: 3 | D42: 1113 | E42: 406 | F42: =SUM(C42:E42) -> 1522
A43: 7. | B43: Claim adjustment services | C43: 0 | D43: 0 | E43: 0 | F43: =SUM(C43:E43) -> 0
A44: 8. | B44: Amounts charged off, net of recoveries | C44: 104 | D44: 1009 | E44: 136 | F44: =SUM(C44:E44) -> 1249
A45: 9. | B45: Marketing and promotional expenses | C45: 63 | D45: 217 | E45: 57 | F45: =SUM(C45:E45) -> 337
A46: 10. | B46: Insurance | C46: 414 | D46: 9766 | E46: 376 | F46: =SUM(C46:E46) -> 10556
A47: 11. | B47: Directors' fees | C47: 0 | D47: 0 | E47: 0 | F47: =SUM(C47:E47) -> 0
A48: 12. | B48: Travel and travel items | C48: 550 | D48: 9940 | E48: 911 | F48: =SUM(C48:E48) -> 11401
... A58: 22. | B58: Aggregate write-ins for miscellaneous expenses | C58: 8 | D58: 1593 | E58: -612 | F58: =SUM(C58:E58) -> 989
A59: 23. | B59: Total Corporate Expenses | C59: =SUM(C37:C58) -> 36586 | D59: =SUM(D37:D58) -> 518721 | E59: =SUM(E37:E58) -> 123328 | F59: =SUM(F37:F58) -> 678635
A61: Part C: Net Income
A62: 1. | B62: Income (Loss) | C62: =C25-C59 -> 8077 | D62: =D25-D59 -> 365417 | E62: =E25-E59 -> 462426 | F62: =SUM(C62:E62) -> 835920

Sheet Commonwealth Land Title Ins Co
A1: NEW MEXICO TITLE INSURANCE UNDERWRITERS STATISTICAL REPORT
A2: FORM 1: STATEMENT OF INCOME AND EXPENSES
A3: For Calendar Year Ending December 31, 2024
A4: NEW MEXICO EXPERIENCE ONLY
B5: Insurance Company: | C5: Commonwealth Land Title Insurance Company
B6: NAIC Code: | C6: 50083
D8: Yes | E8: No
C9: Do you have direct operations or affiliated agencies in New Mexico? | D9: x
C11: If you DO have direct operations or affiliated agencies in New Mexico,
B12: are the expenses that are reported by those direct operations or affiliated agencies on their Agent Statistical Reports also included on Part B below? | D12: Yes | E12: No
E13: x
H14: Total Other | I14: NAIC
D15: Non-Affiliated | E15: Affiliated | H15: Income From | I15: Annual
C16: Direct | D16: Agency | E16: Agency | H16: Direct | I16: Statement
C17: Operations | D17: Operations | E17: Operations | F17: Total | H17: Operation ASR | I17: Schedule T | J17: Difference
A18: Part A: Revenue
A19: 1. | B19: Direct premiums written | C19: 0 | D19: 1670384 | E19: 747292 | F19: =SUM(C19:E19) -> 2417676 | I19: 2417676 | J19: =F19-I19 -> 0
A20: 2. | B20: Direct premiums written that are retained by agent | C20: 0 | D20: 1328119 | E20: 511724 | F20: =SUM(C20:E20) -> 1839843
A21: 3. | B21: Direct premiums written that are remitted to underwriter | C21: =C19-C20 -> 0 | D21: =D19-D20 -> 342265 | E21: =E19-E20 -> 235568 | F21: =SUM(C21:E21) -> 577833
A22: 4. | B22: Escrow and settlement service charges | C22: 36489 | D22: 0 | E22: 0 | F22: =SUM(C22:E22) -> 36489
A23: 5. | B23: Other title fees and service charges | C23: 2654.63 | D23: 238 | E23: 0 | F23: =SUM(C23:E23) -> 2892.63
A24: 6. | B24: Total Other Income | C24: =C22+C23 -> 39143.63 | D24: =D22+D23 -> 238 | E24: =E22+E23 -> 0 | F24: =SUM(C24:E24) -> 39381.63 | H24: 0 | I24: 39382 | J24: =F24+H24-I24 -> -0.37
A25: 7. | B25: Total Revenue | C25: =C21+C24 -> 39143.63 | D25: =D21+D24 -> 342503 | E25: =E21+E24 -> 235568 | F25: =SUM(C25:E25) -> 617214.63
A27: For underwriters that charge rates below the promulgated rates: | I27: From Form 3 | J27: Difference
A28: 8. | B28: Direct premiums as if they had been written at promulgated rates | C28: 0 | D28: 0 | E28: 0 | F28: =SUM(C28:E28) -> 0 | I28: 0 | J28: =F28-I28 -> 0
A30: Part B: Corporate Expenses
A32: Line 1 as defined per NAIC Annual Statement, STATEMENT OF INCOME Exhibit.
A33: Lines 2 through 22 as defined per NAIC Annual Statement, EXPENSES Exhibit.
A35: All entries should show NEW MEXICO expenses only and should NOT show any expenses reported by a direct or affiliated operation on their Agent Statistical Reports.
A37: 1. | B37: Losses and loss adjustment expenses incurred | C37: 8746 | D37: 39732 | E37: 0 | F37: =SUM(C37:E37) -> 48478
A38: 2. | B38: Total personnel costs | C38: 20247 | D38: 38085 | E38: 9869 | F38: =SUM(C38:E38) -> 68201
A39: 3. | B39: Total production services purchased outside | C39: 725 | D39: 94 | E39: 39 | F39: =SUM(C39:E39) -> 858
A40: 4. | B40: Advertising | C40: 128 | D40: 1080 | E40: 165 | F40: =SUM(C40:E40) -> 1373
A41: 5. | B41: Boards, bureaus and associations | C41: 43 | D41: 6940 | E41: 17 | F41: =SUM(C41:E41) -> 7000
A42: 6. | B42: Title plant rent and maintenance | C42: 899 | D42: 10117 | E42: 224 | F42: =SUM(C42:E42) -> 11240
A43: 7. | B43: Claim adjustment services | C43: 0 | D43: 0 | E43: 0 | F43: =SUM(C43:E43) -> 0
A44: 8. | B44: Amounts charged off, net of recoveries | C44: 5 | D44: 0 | E44: 0 | F44: =SUM(C44:E44) -> 5
A45: 9. | B45: Marketing and promotional expenses | C45: 27 | D45: 56 | E45: 24 | F45: =SUM(C45:E45) -> 107
A46: 10. | B46: Insurance | C46: 134 | D46: 4482 | E46: 170 | F46: =SUM(C46:E46) -> 4786
A47: 11. | B47: Directors' fees | C47: 0 | D47: 0 | E47: 0 | F47: =SUM(C47:E47) -> 0
A48: 12. | B48: Travel and travel items | C48: 1137 | D48: 9445 | E48: 407 | F48: =SUM(C48:E48) -> 10989
... A58: 22. | B58: Aggregate write-ins for miscellaneous expenses | C58: -382 | D58: 7392 | E58: -738 | F58: =SUM(C58:E58) -> 6272
A59: 23. | B59: Total Corporate Expenses | C59: =SUM(C37:C58) -> 33277 | D59: =SUM(D37:D58) -> 238858 | E59: =SUM(E37:E58) -> 63720 | F59: =SUM(F37:F58) -> 335855
A61: Part C: Net Income
A62: 1. | B62: Income (Loss) | C62: =C25-C59 -> 5866.63 | D62: =D25-D59 -> 103645 | E62: =E25-E59 -> 171848 | F62: =SUM(C62:E62) -> 281359.63

Sheet DHI Title Insurance Company
A1: NEW MEXICO TITLE INSURANCE UNDERWRITERS STATISTICAL REPORT
A2: FORM 1: STATEMENT OF INCOME AND EXPENSES
A3: For Calendar Year Ending December 31, 2024
A4: NEW MEXICO EXPERIENCE ONLY
B5: Insurance Company: | C5: DHI Title Insurance Company
B6: NAIC Code: | C6: 16832
D8: Yes | E8: No
C9: Do you have direct operations or affiliated agencies in New Mexico? | D9: X
C11: If you DO have direct operations or affiliated agencies in New Mexico,
B12: are the expenses that are reported by those direct operations or affiliated agencies on their Agent Statistical Reports also included on Part B below? | D12: Yes | E12: No
E13: X
H14: Total Other | I14: NAIC
D15: Non-Affiliated | E15: Affiliated | H15: Income From | I15: Annual
C16: Direct | D16: Agency | E16: Agency | H16: Direct | I16: Statement
C17: Operations | D17: Operations | E17: Operations | F17: Total | H17: Operation ASR | I17: Schedule T | J17: Difference
A18: Part A: Revenue
A19: 1. | B19: Direct premiums written | C19: 0 | D19: 0 | E19: 864247 | F19: =SUM(C19:E19) -> 864247 | I19: 864247 | J19: =F19-I19 -> 0
A20: 2. | B20: Direct premiums written that are retained by agent | C20: 0 | D20: 0 | E20: 691397.6 | F20: =SUM(C20:E20) -> 691397.6
A21: 3. | B21: Direct premiums written that are remitted to underwriter | C21: =C19-C20 -> 0 | D21: =D19-D20 -> 0 | E21: =E19-E20 -> 172849.4 | F21: =SUM(C21:E21) -> 172849.4
A22: 4. | B22: Escrow and settlement service charges | C22: 0 | D22: 0 | E22: 0 | F22: =SUM(C22:E22) -> 0
A23: 5. | B23: Other title fees and service charges | C23: 0 | D23: 0 | E23: 0 | F23: =SUM(C23:E23) -> 0
A24: 6. | B24: Total Other Income | C24: =C22+C23 -> 0 | D24: =D22+D23 -> 0 | E24: =E22+E23 -> 0 | F24: =SUM(C24:E24) -> 0 | H24: 0 | I24: 0 | J24: =F24+H24-I24 -> 0
A25: 7. | B25: Total Revenue | C25: =C21+C24 -> 0 | D25: =D21+D24 -> 0 | E25: =E21+E24 -> 172849.4 | F25: =SUM(C25:E25) -> 172849.4
A27: For underwriters that charge rates below the promulgated rates: | I27: From Form 3 | J27: Difference
A28: 8. | B28: Direct premiums as if they had been written at promulgated rates | C28: 0 | D28: 0 | E28: 864247 | F28: =SUM(C28:E28) -> 864247 | I28: 864247 | J28: =F28-I28 -> 0
A30: Part B: Corporate Expenses
A32: Line 1 as defined per NAIC Annual Statement, STATEMENT OF INCOME Exhibit.
A33: Lines 2 through 22 as defined per NAIC Annual Statement, EXPENSES Exhibit.
A35: All entries should show NEW MEXICO expenses only and should NOT show any expenses reported by a direct or affiliated operation on their Agent Statistical Reports.
A37: 1. | B37: Losses and loss adjustment expenses incurred | C37: 0 | D37: 0 | E37: 0 | F37: =SUM(C37:E37) -> 0
A38: 2. | B38: Total personnel costs | C38: 0 | D38: 0 | E38: 7077 | F38: =SUM(C38:E38) -> 7077
A39: 3. | B39: Total production services purchased outside | C39: 0 | D39: 0 | E39: 0 | F39: =SUM(C39:E39) -> 0
A40: 4. | B40: Advertising | C40: 0 | D40: 0 | E40: 200 | F40: =SUM(C40:E40) -> 200
A41: 5. | B41: Boards, bureaus and associations | C41: 0 | D41: 0 | E41: 0 | F41: =SUM(C41:E41) -> 0
A42: 6. | B42: Title plant rent and maintenance | C42: 0 | D42: 0 | E42: 0 | F42: =SUM(C42:E42) -> 0
A43: 7. | B43: Claim adjustment services | C43: 0 | D43: 0 | E43: 200 | F43: =SUM(C43:E43) -> 200
A44: 8. | B44: Amounts charged off, net of recoveries | C44: 0 | D44: 0 | E44: 0 | F44: =SUM(C44:E44) -> 0
A45: 9. | B45: Marketing and promotional expenses | C45: 0 | D45: 0 | E45: 6 | F45: =SUM(C45:E45) -> 6
A46: 10. | B46: Insurance | C46: 0 | D46: 0 | E46: 0 | F46: =SUM(C46:E46) -> 0
A47: 11. | B47: Directors' fees | C47: 0 | D47: 0 | E47: 0 | F47: =SUM(C47:E47) -> 0
A48: 12. | B48: Travel and travel items | C48: 0 | D48: 0 | E48: 200 | F48: =SUM(C48:E48) -> 200
... A58: 22. | B58: Aggregate write-ins for miscellaneous expenses | C58: 0 | D58: 0 | E58: 68 | F58: =SUM(C58:E58) -> 68
A59: 23. | B59: Total Corporate Expenses | C59: =SUM(C37:C58) -> 0 | D59: =SUM(D37:D58) -> 0 | E59: =SUM(E37:E58) -> 21626 | F59: =SUM(F37:F58) -> 21626
A61: Part C: Net Income
A62: 1. | B62: Income (Loss) | C62: =C25-C59 -> 0 | D62: =D25-D59 -> 0 | E62: =E25-E59 -> 151223.4 | F62: =SUM(C62:E62) -> 151223.4

Sheet Doma Title Insurance Inc
A1: NEW MEXICO TITLE INSURANCE UNDERWRITERS STATISTICAL REPORT
A2: FORM 1: STATEMENT OF INCOME AND EXPENSES
A3: For Calendar Year Ending December 31, 2024
A4: NEW MEXICO EXPERIENCE ONLY
B5: Insurance Company: | C5: Doma Title Insurance, Inc.
B6: NAIC Code: | C6: 50130
D8: Yes | E8: No
C9: Do you have direct operations or affiliated agencies in New Mexico? | E9: X
C11: If you DO have direct operations or affiliated agencies in New Mexico,
B12: are the expenses that are reported by those direct operations or affiliated agencies on their Agent Statistical Reports also included on Part B below? | D12: Yes | E12: No
H14: Total Other | I14: NAIC
D15: Non-Affiliated | E15: Affiliated | H15: Income From | I15: Annual
C16: Direct | D16: Agency | E16: Agency | H16: Direct | I16: Statement
C17: Operations | D17: Operations | E17: Operations | F17: Total | H17: Operation ASR | I17: Schedule T | J17: Difference
A18: Part A: Revenue
A19: 1. | B19: Direct premiums written | C19: 0 | D19: 0 | E19: 0 | F19: =SUM(C19:E19) -> 0 | I19: 0 | J19: =F19-I19 -> 0
A20: 2. | B20: Direct premiums written that are retained by agent | C20: 0 | D20: 0 | E20: 0 | F20: =SUM(C20:E20) -> 0
A21: 3. | B21: Direct premiums written that are remitted to underwriter | C21: =C19-C20 -> 0 | D21: =D19-D20 -> 0 | E21: =E19-E20 -> 0 | F21: =SUM(C21:E21) -> 0
A22: 4. | B22: Escrow and settlement service charges | C22: 0 | D22: 0 | E22: 0 | F22: =SUM(C22:E22) -> 0
A23: 5. | B23: Other title fees and service charges | C23: 0 | D23: 0 | E23: 0 | F23: =SUM(C23:E23) -> 0
A24: 6. | B24: Total Other Income | C24: =C22+C23 -> 0 | D24: =D22+D23 -> 0 | E24: =E22+E23 -> 0 | F24: =SUM(C24:E24) -> 0 | H24: 0 | I24: 0 | J24: =F24+H24-I24 -> 0
A25: 7. | B25: Total Revenue | C25: =C21+C24 -> 0 | D25: =D21+D24 -> 0 | E25: =E21+E24 -> 0 | F25: =SUM(C25:E25) -> 0
A27: For underwriters that charge rates below the promulgated rates: | I27: From Form 3 | J27: Difference
A28: 8. | B28: Direct premiums as if they had been written at promulgated rates | C28: 0 | D28: 0 | E28: 0 | F28: =SUM(C28:E28) -> 0 | I28: 0 | J28: =F28-I28 -> 0
A30: Part B: Corporate Expenses
A32: Line 1 as defined per NAIC Annual Statement, STATEMENT OF INCOME Exhibit.
A33: Lines 2 through 22 as defined per NAIC Annual Statement, EXPENSES Exhibit.
A35: All entries should show NEW MEXICO expenses only and should NOT show any expenses reported by a direct or affiliated operation on their Agent Statistical Reports.
A37: 1. | B37: Losses and loss adjustment expenses incurred | C37: 0 | D37: 0 | E37: 0 | F37: =SUM(C37:E37) -> 0
A38: 2. | B38: Total personnel costs | C38: 0 | D38: 0 | E38: 0 | F38: =SUM(C38:E38) -> 0
A39: 3. | B39: Total production services purchased outside | C39: 0 | D39: 0 | E39: 0 | F39: =SUM(C39:E39) -> 0
A40: 4. | B40: Advertising | C40: 0 | D40: 0 | E40: 0 | F40: =SUM(C40:E40) -> 0
A41: 5. | B41: Boards, bureaus and associations | C41: 0 | D41: 0 | E41: 0 | F41: =SUM(C41:E41) -> 0
A42: 6. | B42: Title plant rent and maintenance | C42: 0 | D42: 0 | E42: 0 | F42: =SUM(C42:E42) -> 0
A43: 7. | B43: Claim adjustment services | C43: 0 | D43: 0 | E43: 0 | F43: =SUM(C43:E43) -> 0
A44: 8. | B44: Amounts charged off, net of recoveries | C44: 0 | D44: 0 | E44: 0 | F44: =SUM(C44:E44) -> 0
A45: 9. | B45: Marketing and promotional expenses | C45: 0 | D45: 0 | E45: 0 | F45: =SUM(C45:E45) -> 0
A46: 10. | B46: Insurance | C46: 0 | D46: 0 | E46: 0 | F46: =SUM(C46:E46) -> 0
A47: 11. | B47: Directors' fees | C47: 0 | D47: 0 | E47: 0 | F47: =SUM(C47:E47) -> 0
A48: 12. | B48: Travel and travel items | C48: 0 | D48: 0 | E48: 0 | F48: =SUM(C48:E48) -> 0
... A58: 22. | B58: Aggregate write-ins for miscellaneous expenses | C58: 0 | D58: 0 | E58: 0 | F58: =SUM(C58:E58) -> 0
A59: 23. | B59: Total Corporate Expenses | C59: =SUM(C37:C58) -> 0 | D59: =SUM(D37:D58) -> 0 | E59: =SUM(E37:E58) -> 0 | F59: =SUM(F37:F58) -> 0
A61: Part C: Net Income
A62: 1. | B62: Income (Loss) | C62: =C25-C59 -> 0 | D62: =D25-D59 -> 0 | E62: =E25-E59 -> 0 | F62: =SUM(C62:E62) -> 0

Sheet Essent Title Insurance, Inc
A1: NEW MEXICO TITLE INSURANCE UNDERWRITERS STATISTICAL REPORT
A2: FORM 1: STATEMENT OF INCOME AND EXPENSES
A3: For Calendar Year Ending December 31, 2024
A4: NEW MEXICO EXPERIENCE ONLY
B5: Insurance Company: | C5: Essent Title Insurance, Inc
B6: NAIC Code: | C6: 12522
D8: Yes | E8: No
C9: Do you have direct operations or affiliated agencies in New Mexico? | E9: X
C11: If you DO have direct operations or affiliated agencies in New Mexico,
B12: are the expenses that are reported by those direct operations or affiliated agencies on their Agent Statistical Reports also included on Part B below? | D12: Yes | E12: No
D13: X
H14: Total Other | I14: NAIC
D15: Non-Affiliated | E15: Affiliated | H15: Income From | I15: Annual
C16: Direct | D16: Agency | E16: Agency | H16: Direct | I16: Statement
C17: Operations | D17: Operations | E17: Operations | F17: Total | H17: Operation ASR | I17: Schedule T | J17: Difference
A18: Part A: Revenue
A19: 1. | B19: Direct premiums written | C19: 0 | D19: 11138 | E19: 205044 | F19: =SUM(C19:E19) -> 216182 | I19: 216182 | J19: =F19-I19 -> 0
A20: 2. | B20: Direct premiums written that are retained by agent | C20: 0 | D20: 9119 | E20: 166335 | F20: =SUM(C20:E20) -> 175454
A21: 3. | B21: Direct premiums written that are remitted to underwriter | C21: =C19-C20 -> 0 | D21: =D19-D20 -> 2019 | E21: =E19-E20 -> 38709 | F21: =SUM(C21:E21) -> 40728
A22: 4. | B22: Escrow and settlement service charges | C22: 0 | D22: 0 | E22: 0 | F22: =SUM(C22:E22) -> 0
A23: 5. | B23: Other title fees and service charges | C23: 0 | D23: 0 | E23: 0 | F23: =SUM(C23:E23) -> 0
A24: 6. | B24: Total Other Income | C24: =C22+C23 -> 0 | D24: =D22+D23 -> 0 | E24: =E22+E23 -> 0 | F24: =SUM(C24:E24) -> 0 | H24: 0 | I24: 0 | J24: =F24+H24-I24 -> 0
A25: 7. | B25: Total Revenue | C25: =C21+C24 -> 0 | D25: =D21+D24 -> 2019 | E25: =E21+E24 -> 38709 | F25: =SUM(C25:E25) -> 40728
A27: For underwriters that charge rates below the promulgated rates: | I27: From Form 3 | J27: Difference
A28: 8. | B28: Direct premiums as if they had been written at promulgated rates | C28: 0 | D28: 0 | E28: 0 | F28: =SUM(C28:E28) -> 0 | I28: 0 | J28: =F28-I28 -> 0
A30: Part B: Corporate Expenses
A32: Line 1 as defined per NAIC Annual Statement, STATEMENT OF INCOME Exhibit.
A33: Lines 2 through 22 as defined per NAIC Annual Statement, EXPENSES Exhibit.
A35: All entries should show NEW MEXICO expenses only and should NOT show any expenses reported by a direct or affiliated operation on their Agent Statistical Reports.
A37: 1. | B37: Losses and loss adjustment expenses incurred | C37: 0 | D37: 0 | E37: 0 | F37: =SUM(C37:E37) -> 0
A38: 2. | B38: Total personnel costs | C38: 0 | D38: =19393*($D$19)/($E$19) -> 1053.4287 | E38: =19393-D38 -> 18339.571 | F38: =SUM(C38:E38) -> 19393
A39: 3. | B39: Total production services purchased outside | C39: 0 | D39: 0 | E39: 0 | F39: =SUM(C39:E39) -> 0
A40: 4. | B40: Advertising | C40: 0 | D40: 0 | E40: 0 | F40: =SUM(C40:E40) -> 0
A41: 5. | B41: Boards, bureaus and associations | C41: 0 | D41: 0 | E41: 0 | F41: =SUM(C41:E41) -> 0
A42: 6. | B42: Title plant rent and maintenance | C42: 0 | D42: 0 | E42: 0 | F42: =SUM(C42:E42) -> 0
A43: 7. | B43: Claim adjustment services | C43: 0 | D43: 0 | E43: 0 | F43: =SUM(C43:E43) -> 0
A44: 8. | B44: Amounts charged off, net of recoveries | C44: 0 | D44: 0 | E44: 0 | F44: =SUM(C44:E44) -> 0
A45: 9. | B45: Marketing and promotional expenses | C45: 0 | D45: 0 | E45: 0 | F45: =SUM(C45:E45) -> 0
A46: 10. | B46: Insurance | C46: 0 | D46: 0 | E46: 0 | F46: =SUM(C46:E46) -> 0
A47: 11. | B47: Directors' fees | C47: 0 | D47: 0 | E47: 0 | F47: =SUM(C47:E47) -> 0
A48: 12. | B48: Travel and travel items | C48: 0 | D48: 0 | E48: 0 | F48: =SUM(C48:E48) -> 0
A49: 13. | B49: Rent and rent items | C49: 0 | D49: 0 | E49: 0 | F49: =SUM(C49:E49) -> 0
A50: 14. | B50: Equipment | C50: 0 | D50: 0 | E50: 0 | F50: =SUM(C50:E50) -> 0
... A54: 18. | B54: Legal and auditing | C54: 0 | D54: 0 | E54: 0 | F54: =SUM(C54:E54) -> 0
A55: 19. | B55: Total taxes, licenses and fees | C55: 0 | D55: =7954*($D$19)/($E$19) -> 432.06166 | E55: =7954-D55 -> 7521.9383 | F55: =SUM(C55:E55) -> 7954
A56: 20. | B56: Real estate expenses | C56: 0 | D56: 0 | E56: 0 | F56: =SUM(C56:E56) -> 0
A57: 21. | B57: Real estate taxes | C57: 0 | D57: 0 | E57: 0 | F57: =SUM(C57:E57) -> 0
A58: 22. | B58: Aggregate write-ins for miscellaneous expenses | C58: 0 | D58: =9355*($D$19)/($E$19) -> 508.16405 | E58: =9355-D58 -> 8846.8359 | F58: =SUM(C58:E58) -> 9355
A59: 23. | B59: Total Corporate Expenses | C59: =SUM(C37:C58) -> 0 | D59: =SUM(D37:D58) -> 1993.6544 | E59: =SUM(E37:E58) -> 34708.346 | F59: =SUM(F37:F58) -> 36702
A61: Part C: Net Income
A62: 1. | B62: Income (Loss) | C62: =C25-C59 -> 0 | D62: =D25-D59 -> 25.345584 | E62: =E25-E59 -> 4000.6544 | F62: =SUM(C62:E62) -> 4026

Sheet Fidelity National Title Ins Co
A1: NEW MEXICO TITLE INSURANCE UNDERWRITERS STATISTICAL REPORT
A2: FORM 1: STATEMENT OF INCOME AND EXPENSES
A3: For Calendar Year Ending December 31, 2024
A4: NEW MEXICO EXPERIENCE ONLY
B5: Insurance Company: | C5: Fidelity National Title Insurance Company
B6: NAIC Code: | C6: 51586
D8: Yes | E8: No
C9: Do you have direct operations or affiliated agencies in New Mexico? | D9: X
C11: If you DO have direct operations or affiliated agencies in New Mexico,
B12: are the expenses that are reported by those direct operations or affiliated agencies on their Agent Statistical Reports also included on Part B below? | D12: Yes | E12: No
E13: X
H14: Total Other | I14: NAIC
D15: Non-Affiliated | E15: Affiliated | H15: Income From | I15: Annual
C16: Direct | D16: Agency | E16: Agency | H16: Direct | I16: Statement
C17: Operations | D17: Operations | E17: Operations | F17: Total | H17: Operation ASR | I17: Schedule T | J17: Difference
A18: Part A: Revenue
A19: 1. | B19: Direct premiums written | C19: 0 | D19: 5663125 | E19: 25200925 | F19: =SUM(C19:E19) -> 30864050 | I19: 30864050 | J19: =F19-I19 -> 0
A20: 2. | B20: Direct premiums written that are retained by agent | C20: 0 | D20: 4451848 | E20: 19282197 | F20: =SUM(C20:E20) -> 23734045
A21: 3. | B21: Direct premiums written that are remitted to underwriter | C21: =C19-C20 -> 0 | D21: =D19-D20 -> 1211277 | E21: =E19-E20 -> 5918728 | F21: =SUM(C21:E21) -> 7130005
A22: 4. | B22: Escrow and settlement service charges | C22: 106939 | D22: 0 | E22: 0 | F22: =SUM(C22:E22) -> 106939
A23: 5. | B23: Other title fees and service charges | C23: 91874 | D23: 1469 | E23: 0 | F23: =SUM(C23:E23) -> 93343
A24: 6. | B24: Total Other Income | C24: =C22+C23 -> 198813 | D24: =D22+D23 -> 1469 | E24: =E22+E23 -> 0 | F24: =SUM(C24:E24) -> 200282 | H24: 0 | I24: 200282 | J24: =F24+H24-I24 -> 0
A25: 7. | B25: Total Revenue | C25: =C21+C24 -> 198813 | D25: =D21+D24 -> 1212746 | E25: =E21+E24 -> 5918728 | F25: =SUM(C25:E25) -> 7330287
A27: For underwriters that charge rates below the promulgated rates: | I27: From Form 3 | J27: Difference
A28: 8. | B28: Direct premiums as if they had been written at promulgated rates | C28: 0 | D28: 0 | E28: 0 | F28: =SUM(C28:E28) -> 0 | I28: 0 | J28: =F28-I28 -> 0
A30: Part B: Corporate Expenses
A32: Line 1 as defined per NAIC Annual Statement, STATEMENT OF INCOME Exhibit.
A33: Lines 2 through 22 as defined per NAIC Annual Statement, EXPENSES Exhibit.
A35: All entries should show NEW MEXICO expenses only and should NOT show any expenses reported by a direct or affiliated operation on their Agent Statistical Reports.
A37: 1. | B37: Losses and loss adjustment expenses incurred | C37: -4935 | D37: 115891 | E37: 642484 | F37: =SUM(C37:E37) -> 753440
A38: 2. | B38: Total personnel costs | C38: 97306 | D38: 265133 | E38: 324622 | F38: =SUM(C38:E38) -> 687061
A39: 3. | B39: Total production services purchased outside | C39: 19987 | D39: 4082 | E39: 2980 | F39: =SUM(C39:E39) -> 27049
A40: 4. | B40: Advertising | C40: 472 | D40: 3837 | E40: 5477 | F40: =SUM(C40:E40) -> 9786
A41: 5. | B41: Boards, bureaus and associations | C41: 96 | D41: 2956 | E41: 566 | F41: =SUM(C41:E41) -> 3618
A42: 6. | B42: Title plant rent and maintenance | C42: 1527 | D42: 1315 | E42: 6024 | F42: =SUM(C42:E42) -> 8866
A43: 7. | B43: Claim adjustment services | C43: 0 | D43: 0 | E43: 0 | F43: =SUM(C43:E43) -> 0
A44: 8. | B44: Amounts charged off, net of recoveries | C44: -265 | D44: 4645 | E44: 0 | F44: =SUM(C44:E44) -> 4380
A45: 9. | B45: Marketing and promotional expenses | C45: 456 | D45: 2882 | E45: 838 | F45: =SUM(C45:E45) -> 4176
A46: 10. | B46: Insurance | C46: 1406 | D46: 7071 | E46: 5596 | F46: =SUM(C46:E46) -> 14073
A47: 11. | B47: Directors' fees | C47: 0 | D47: 0 | E47: 0 | F47: =SUM(C47:E47) -> 0
A48: 12. | B48: Travel and travel items | C48: 4023 | D48: 18442 | E48: 13631 | F48: =SUM(C48:E48) -> 36096
... A58: 22. | B58: Aggregate write-ins for miscellaneous expenses | C58: -5890 | D58: -36175 | E58: -137556 | F58: =SUM(C58:E58) -> -179621
A59: 23. | B59: Total Corporate Expenses | C59: =SUM(C37:C58) -> 140519 | D59: =SUM(D37:D58) -> 724329 | E59: =SUM(E37:E58) -> 2201136 | F59: =SUM(F37:F58) -> 3065984
A61: Part C: Net Income
A62: 1. | B62: Income (Loss) | C62: =C25-C59 -> 58294 | D62: =D25-D59 -> 488417 | E62: =E25-E59 -> 3717592 | F62: =SUM(C62:E62) -> 4264303

Sheet First American Title Ins Co
A1: NEW MEXICO TITLE INSURANCE UNDERWRITERS STATISTICAL REPORT
A2: FORM 1: STATEMENT OF INCOME AND EXPENSES
A3: For Calendar Year Ending December 31, 2024
A4: NEW MEXICO EXPERIENCE ONLY
B5: Insurance Company: | C5: First American Title Insurance Company
B6: NAIC Code: | C6: 50814
D8: Yes | E8: No
C9: Do you have direct operations or affiliated agencies in New Mexico? | D9: X
C11: If you DO have direct operations or affiliated agencies in New Mexico,
B12: are the expenses that are reported by those direct operations or affiliated agencies on their Agent Statistical Reports also included on Part B below? | D12: Yes | E12: No
E13: X
H14: Total Other | I14: NAIC
D15: Non-Affiliated | E15: Affiliated | H15: Income From | I15: Annual
C16: Direct | D16: Agency | E16: Agency | H16: Direct | I16: Statement
C17: Operations | D17: Operations | E17: Operations | F17: Total | H17: Operation ASR | I17: Schedule T | J17: Difference
A18: Part A: Revenue
A19: 1. | B19: Direct premiums written | C19: 11266094 | D19: 9451518 | E19: 6805313 | F19: =SUM(C19:E19) -> 27522925 | I19: 27522924 | J19: =F19-I19 -> 0.48
A20: 2. | B20: Direct premiums written that are retained by agent | C20: 8371436 | D20: 7077234.4 | E20: 5355556 | F20: =SUM(C20:E20) -> 20804226
A21: 3. | B21: Direct premiums written that are remitted to underwriter | C21: =C19-C20 -> 2894657.6 | D21: =D19-D20 -> 2374283.6 | E21: =E19-E20 -> 1449757 | F21: =SUM(C21:E21) -> 6718698.2
A22: 4. | B22: Escrow and settlement service charges | C22: 0 | D22: 0 | E22: 0 | F22: =SUM(C22:E22) -> 0
A23: 5. | B23: Other title fees and service charges | C23: 0 | D23: 0 | E23: 0 | F23: =SUM(C23:E23) -> 0
A24: 6. | B24: Total Other Income | C24: =C22+C23 -> 0 | D24: =D22+D23 -> 0 | E24: =E22+E23 -> 0 | F24: =SUM(C24:E24) -> 0 | H24: 0 | I24: 0 | J24: =F24+H24-I24 -> 0
A25: 7. | B25: Total Revenue | C25: =C21+C24 -> 2894657.6 | D25: =D21+D24 -> 2374283.6 | E25: =E21+E24 -> 1449757 | F25: =SUM(C25:E25) -> 6718698.2
A27: For underwriters that charge rates below the promulgated rates: | I27: From Form 3 | J27: Difference
A28: 8. | B28: Direct premiums as if they had been written at promulgated rates | C28: 0 | D28: 0 | E28: 0 | F28: =SUM(C28:E28) -> 0 | I28: 0 | J28: =F28-I28 -> 0
A30: Part B: Corporate Expenses
A32: Line 1 as defined per NAIC Annual Statement, STATEMENT OF INCOME Exhibit.
A33: Lines 2 through 22 as defined per NAIC Annual Statement, EXPENSES Exhibit.
A35: All entries should show NEW MEXICO expenses only and should NOT show any expenses reported by a direct or affiliated operation on their Agent Statistical Reports.
A37: 1. | B37: Losses and loss adjustment expenses incurred | C37: 431847 | D37: 45842 | E37: -36460.54 | F37: =SUM(C37:E37) -> 441228.46
A38: 2. | B38: Total personnel costs | C38: 0 | D38: 615029.08 | E38: 0 | F38: =SUM(C38:E38) -> 615029.08
A39: 3. | B39: Total production services purchased outside | C39: 0 | D39: 0 | E39: 0 | F39: =SUM(C39:E39) -> 0
A40: 4. | B40: Advertising | C40: 0 | D40: 8090.86 | E40: 0 | F40: =SUM(C40:E40) -> 8090.86
A41: 5. | B41: Boards, bureaus and associations | C41: 0 | D41: 19437.65 | E41: 0 | F41: =SUM(C41:E41) -> 19437.65
A42: 6. | B42: Title plant rent and maintenance | C42: 0 | D42: 83693.63 | E42: 0 | F42: =SUM(C42:E42) -> 83693.63
A43: 7. | B43: Claim adjustment services | C43: 0 | D43: 0 | E43: 0 | F43: =SUM(C43:E43) -> 0
A44: 8. | B44: Amounts charged off, net of recoveries | C44: 0 | D44: -5155.78 | E44: 0 | F44: =SUM(C44:E44) -> -5155.78
A45: 9. | B45: Marketing and promotional expenses | C45: 0 | D45: 22207.08 | E45: 0 | F45: =SUM(C45:E45) -> 22207.08
A46: 10. | B46: Insurance | C46: 0 | D46: 0 | E46: 0 | F46: =SUM(C46:E46) -> 0
A47: 11. | B47: Directors' fees | C47: 0 | D47: 0 | E47: 0 | F47: =SUM(C47:E47) -> 0
A48: 12. | B48: Travel and travel items | C48: 0 | D48: 20299.96 | E48: 0 | F48: =SUM(C48:E48) -> 20299.96
... A58: 22. | B58: Aggregate write-ins for miscellaneous expenses | C58: 0 | D58: 399.84 | E58: 0 | F58: =SUM(C58:E58) -> 399.84
A59: 23. | B59: Total Corporate Expenses | C59: =SUM(C37:C58) -> 1122002.5 | D59: =SUM(D37:D58) -> 1389049 | E59: =SUM(E37:E58) -> 47778.12 | F59: =SUM(F37:F58) -> 2558829.6
A61: Part C: Net Income
A62: 1. | B62: Income (Loss) | C62: =C25-C59 -> 1772655.1 | D62: =D25-D59 -> 985234.61 | E62: =E25-E59 -> 1401978.9 | F62: =SUM(C62:E62) -> 4159868.5

Sheet First National Title Ins Co
A1: NEW MEXICO TITLE INSURANCE UNDERWRITERS STATISTICAL REPORT
A2: FORM 1: STATEMENT OF INCOME AND EXPENSES
A3: For Calendar Year Ending December 31, 2024
A4: NEW MEXICO EXPERIENCE ONLY
B5: Insurance Company: | C5: First National Title Insurance Company
B6: NAIC Code: | C6: 14240
D8: Yes | E8: No
C9: Do you have direct operations or affiliated agencies in New Mexico? | D9: X
C11: If you DO have direct operations or affiliated agencies in New Mexico,
B12: are the expenses that are reported by those direct operations or affiliated agencies on their Agent Statistical Reports also included on Part B below? | D12: Yes | E12: No
D13: X
H14: Total Other | I14: NAIC
D15: Non-Affiliated | E15: Affiliated | H15: Income From | I15: Annual
C16: Direct | D16: Agency | E16: Agency | H16: Direct | I16: Statement
C17: Operations | D17: Operations | E17: Operations | F17: Total | H17: Operation ASR | I17: Schedule T | J17: Difference
A18: Part A: Revenue
A19: 1. | B19: Direct premiums written | C19: 0 | D19: 1585870 | E19: 2167809 | F19: =SUM(C19:E19) -> 3753679 | I19: 3753679 | J19: =F19-I19 -> 0
A20: 2. | B20: Direct premiums written that are retained by agent | C20: 0 | D20: 1267304.3 | E20: 1734247 | F20: =SUM(C20:E20) -> 3001551.3
A21: 3. | B21: Direct premiums written that are remitted to underwriter | C21: =C19-C20 -> 0 | D21: =D19-D20 -> 318565.73 | E21: =E19-E20 -> 433561.96 | F21: =SUM(C21:E21) -> 752127.69
A22: 4. | B22: Escrow and settlement service charges | C22: 0 | D22: 0 | E22: 0 | F22: =SUM(C22:E22) -> 0
A23: 5. | B23: Other title fees and service charges | C23: 0 | D23: 0 | E23: 0 | F23: =SUM(C23:E23) -> 0
A24: 6. | B24: Total Other Income | C24: =C22+C23 -> 0 | D24: =D22+D23 -> 0 | E24: =E22+E23 -> 0 | F24: =SUM(C24:E24) -> 0 | H24: 0 | I24: 0 | J24: =F24+H24-I24 -> 0
A25: 7. | B25: Total Revenue | C25: =C21+C24 -> 0 | D25: =D21+D24 -> 318565.73 | E25: =E21+E24 -> 433561.96 | F25: =SUM(C25:E25) -> 752127.69
A27: For underwriters that charge rates below the promulgated rates: | I27: From Form 3 | J27: Difference
A28: 8. | B28: Direct premiums as if they had been written at promulgated rates | C28: 0 | D28: 0 | E28: 0 | F28: =SUM(C28:E28) -> 0 | I28: 0 | J28: =F28-I28 -> 0
A30: Part B: Corporate Expenses
A32: Line 1 as defined per NAIC Annual Statement, STATEMENT OF INCOME Exhibit.
A33: Lines 2 through 22 as defined per NAIC Annual Statement, EXPENSES Exhibit.
A35: All entries should show NEW MEXICO expenses only and should NOT show any expenses reported by a direct or affiliated operation on their Agent Statistical Reports.
A37: 1. | B37: Losses and loss adjustment expenses incurred | C37: 0 | D37: 0 | E37: 0 | F37: =SUM(C37:E37) -> 0
A38: 2. | B38: Total personnel costs | C38: 0 | D38: 52797.011 | E38: 72171.008 | F38: =SUM(C38:E38) -> 124968.02
A39: 3. | B39: Total production services purchased outside | C39: 0 | D39: 367.8739 | E39: 502.86616 | F39: =SUM(C39:E39) -> 870.74006
A40: 4. | B40: Advertising | C40: 0 | D40: 0 | E40: 0 | F40: =SUM(C40:E40) -> 0
A41: 5. | B41: Boards, bureaus and associations | C41: 0 | D41: 1390.9659 | E41: 1901.3843 | F41: =SUM(C41:E41) -> 3292.3502
A42: 6. | B42: Title plant rent and maintenance | C42: 0 | D42: 0 | E42: 0 | F42: =SUM(C42:E42) -> 0
A43: 7. | B43: Claim adjustment services | C43: 0 | D43: 0 | E43: 0 | F43: =SUM(C43:E43) -> 0
A44: 8. | B44: Amounts charged off, net of recoveries | C44: 0 | D44: 0 | E44: 0 | F44: =SUM(C44:E44) -> 0
A45: 9. | B45: Marketing and promotional expenses | C45: 0 | D45: 2763.6256 | E45: 3777.7449 | F45: =SUM(C45:E45) -> 6541.3705
A46: 10. | B46: Insurance | C46: 0 | D46: 81.522554 | E46: 111.43746 | F46: =SUM(C46:E46) -> 192.96001
A47: 11. | B47: Directors' fees | C47: 0 | D47: 0 | E47: 0 | F47: =SUM(C47:E47) -> 0
A48: 12. | B48: Travel and travel items | C48: 0 | D48: 8591.1489 | E48: 11743.693 | F48: =SUM(C48:E48) -> 20334.842
... A58: 22. | B58: Aggregate write-ins for miscellaneous expenses | C58: 0 | D58: 100114.25 | E58: 136851.43 | F58: =SUM(C58:E58) -> 236965.68
A59: 23. | B59: Total Corporate Expenses | C59: =SUM(C37:C58) -> 0 | D59: =SUM(D37:D58) -> 249218.18 | E59: =SUM(E37:E58) -> 340669.42 | F59: =SUM(F37:F58) -> 589887.59
A61: Part C: Net Income
A62: 1. | B62: Income (Loss) | C62: =C25-C59 -> 0 | D62: =D25-D59 -> 69347.553 | E62: =E25-E59 -> 92892.543 | F62: =SUM(C62:E62) -> 162240.1

Sheet Investors Title Insurance Co
A1: NEW MEXICO TITLE INSURANCE UNDERWRITERS STATISTICAL REPORT
A2: FORM 1: STATEMENT OF INCOME AND EXPENSES
A3: For Calendar Year Ending December 31, 2024
A4: NEW MEXICO EXPERIENCE ONLY
B5: Insurance Company: | C5: Investors Title Insurance Company
B6: NAIC Code: | C6: 50369
D8: Yes | E8: No
C9: Do you have direct operations or affiliated agencies in New Mexico? | E9: X
C11: If you DO have direct operations or affiliated agencies in New Mexico,
B12: are the expenses that are reported by those direct operations or affiliated agencies on their Agent Statistical Reports also included on Part B below? | D12: Yes | E12: No
E13: X
H14: Total Other | I14: NAIC
D15: Non-Affiliated | E15: Affiliated | H15: Income From | I15: Annual
C16: Direct | D16: Agency | E16: Agency | H16: Direct | I16: Statement
C17: Operations | D17: Operations | E17: Operations | F17: Total | H17: Operation ASR | I17: Schedule T | J17: Difference
A18: Part A: Revenue
A19: 1. | B19: Direct premiums written | C19: 0 | D19: 0 | E19: 0 | F19: =SUM(C19:E19) -> 0 | I19: 0 | J19: =F19-I19 -> 0
A20: 2. | B20: Direct premiums written that are retained by agent | C20: 0 | D20: 0 | E20: 0 | F20: =SUM(C20:E20) -> 0
A21: 3. | B21: Direct premiums written that are remitted to underwriter | C21: =C19-C20 -> 0 | D21: =D19-D20 -> 0 | E21: =E19-E20 -> 0 | F21: =SUM(C21:E21) -> 0
A22: 4. | B22: Escrow and settlement service charges | C22: 0 | D22: 0 | E22: 0 | F22: =SUM(C22:E22) -> 0
A23: 5. | B23: Other title fees and service charges | C23: 0 | D23: 0 | E23: 0 | F23: =SUM(C23:E23) -> 0
A24: 6. | B24: Total Other Income | C24: =C22+C23 -> 0 | D24: =D22+D23 -> 0 | E24: =E22+E23 -> 0 | F24: =SUM(C24:E24) -> 0 | H24: 0 | I24: 0 | J24: =F24+H24-I24 -> 0
A25: 7. | B25: Total Revenue | C25: =C21+C24 -> 0 | D25: =D21+D24 -> 0 | E25: =E21+E24 -> 0 | F25: =SUM(C25:E25) -> 0
A27: For underwriters that charge rates below the promulgated rates: | I27: From Form 3 | J27: Difference
A28: 8. | B28: Direct premiums as if they had been written at promulgated rates | C28: 0 | D28: 0 | E28: 0 | F28: =SUM(C28:E28) -> 0 | I28: 0 | J28: =F28-I28 -> 0
A30: Part B: Corporate Expenses
A32: Line 1 as defined per NAIC Annual Statement, STATEMENT OF INCOME Exhibit.
A33: Lines 2 through 22 as defined per NAIC Annual Statement, EXPENSES Exhibit.
A35: All entries should show NEW MEXICO expenses only and should NOT show any expenses reported by a direct or affiliated operation on their Agent Statistical Reports.
A37: 1. | B37: Losses and loss adjustment expenses incurred | C37: 0 | D37: 0 | E37: 0 | F37: =SUM(C37:E37) -> 0
A38: 2. | B38: Total personnel costs | C38: 0 | D38: 0 | E38: 0 | F38: =SUM(C38:E38) -> 0
A39: 3. | B39: Total production services purchased outside | C39: 0 | D39: 0 | E39: 0 | F39: =SUM(C39:E39) -> 0
A40: 4. | B40: Advertising | C40: 0 | D40: 0 | E40: 0 | F40: =SUM(C40:E40) -> 0
A41: 5. | B41: Boards, bureaus and associations | C41: 0 | D41: 0 | E41: 0 | F41: =SUM(C41:E41) -> 0
A42: 6. | B42: Title plant rent and maintenance | C42: 0 | D42: 0 | E42: 0 | F42: =SUM(C42:E42) -> 0
A43: 7. | B43: Claim adjustment services | C43: 0 | D43: 0 | E43: 0 | F43: =SUM(C43:E43) -> 0
A44: 8. | B44: Amounts charged off, net of recoveries | C44: 0 | D44: 0 | E44: 0 | F44: =SUM(C44:E44) -> 0
A45: 9. | B45: Marketing and promotional expenses | C45: 0 | D45: 0 | E45: 0 | F45: =SUM(C45:E45) -> 0
A46: 10. | B46: Insurance | C46: 0 | D46: 0 | E46: 0 | F46: =SUM(C46:E46) -> 0
A47: 11. | B47: Directors' fees | C47: 0 | D47: 0 | E47: 0 | F47: =SUM(C47:E47) -> 0
A48: 12. | B48: Travel and travel items | C48: 0 | D48: 0 | E48: 0 | F48: =SUM(C48:E48) -> 0
... A58: 22. | B58: Aggregate write-ins for miscellaneous expenses | C58: 0 | D58: 0 | E58: 0 | F58: =SUM(C58:E58) -> 0
A59: 23. | B59: Total Corporate Expenses | C59: =SUM(C37:C58) -> 0 | D59: =SUM(D37:D58) -> 0 | E59: =SUM(E37:E58) -> 0 | F59: =SUM(F37:F58) -> 0
A61: Part C: Net Income
A62: 1. | B62: Income (Loss) | C62: =C25-C59 -> 0 | D62: =D25-D59 -> 0 | E62: =E25-E59 -> 0 | F62: =SUM(C62:E62) -> 0

Sheet National Title Insurance of NY
A1: NEW MEXICO TITLE INSURANCE UNDERWRITERS STATISTICAL REPORT
A2: FORM 1: STATEMENT OF INCOME AND EXPENSES
A3: For Calendar Year Ending December 31, 2024
A4: NEW MEXICO EXPERIENCE ONLY
B5: Insurance Company: | C5: National Title Insurance of New York Inc.
B6: NAIC Code: | C6: 51020
D8: Yes | E8: No
C9: Do you have direct operations or affiliated agencies in New Mexico? | D9: x
C11: If you DO have direct operations or affiliated agencies in New Mexico,
B12: are the expenses that are reported by those direct operations or affiliated agencies on their Agent Statistical Reports also included on Part B below? | D12: Yes | E12: No
E13: x
H14: Total Other | I14: NAIC
D15: Non-Affiliated | E15: Affiliated | H15: Income From | I15: Annual
C16: Direct | D16: Agency | E16: Agency | H16: Direct | I16: Statement
C17: Operations | D17: Operations | E17: Operations | F17: Total | H17: Operation ASR | I17: Schedule T | J17: Difference
A18: Part A: Revenue
A19: 1. | B19: Direct premiums written | C19: 0 | D19: 0 | E19: 0 | F19: =SUM(C19:E19) -> 0 | I19: 0 | J19: =F19-I19 -> 0
A20: 2. | B20: Direct premiums written that are retained by agent | C20: 0 | D20: 0 | E20: 0 | F20: =SUM(C20:E20) -> 0
A21: 3. | B21: Direct premiums written that are remitted to underwriter | C21: =C19-C20 -> 0 | D21: =D19-D20 -> 0 | E21: =E19-E20 -> 0 | F21: =SUM(C21:E21) -> 0
A22: 4. | B22: Escrow and settlement service charges | C22: 75 | D22: 0 | E22: 0 | F22: =SUM(C22:E22) -> 75
A23: 5. | B23: Other title fees and service charges | C23: 100 | D23: 0 | E23: 0 | F23: =SUM(C23:E23) -> 100
A24: 6. | B24: Total Other Income | C24: =C22+C23 -> 175 | D24: =D22+D23 -> 0 | E24: =E22+E23 -> 0 | F24: =SUM(C24:E24) -> 175 | H24: 0 | I24: 175 | J24: =F24+H24-I24 -> 0
A25: 7. | B25: Total Revenue | C25: =C21+C24 -> 175 | D25: =D21+D24 -> 0 | E25: =E21+E24 -> 0 | F25: =SUM(C25:E25) -> 175
A27: For underwriters that charge rates below the promulgated rates: | I27: From Form 3 | J27: Difference
A28: 8. | B28: Direct premiums as if they had been written at promulgated rates | C28: 0 | D28: 0 | E28: 0 | F28: =SUM(C28:E28) -> 0 | I28: 0 | J28: =F28-I28 -> 0
A30: Part B: Corporate Expenses
A32: Line 1 as defined per NAIC Annual Statement, STATEMENT OF INCOME Exhibit.
A33: Lines 2 through 22 as defined per NAIC Annual Statement, EXPENSES Exhibit.
A35: All entries should show NEW MEXICO expenses only and should NOT show any expenses reported by a direct or affiliated operation on their Agent Statistical Reports.
A37: 1. | B37: Losses and loss adjustment expenses incurred | C37: 0 | D37: 0 | E37: 0 | F37: =SUM(C37:E37) -> 0
A38: 2. | B38: Total personnel costs | C38: 53 | D38: 0 | E38: 0 | F38: =SUM(C38:E38) -> 53
A39: 3. | B39: Total production services purchased outside | C39: 51 | D39: 0 | E39: 0 | F39: =SUM(C39:E39) -> 51
A40: 4. | B40: Advertising | C40: 0 | D40: 0 | E40: 0 | F40: =SUM(C40:E40) -> 0
A41: 5. | B41: Boards, bureaus and associations | C41: 0 | D41: 0 | E41: 0 | F41: =SUM(C41:E41) -> 0
A42: 6. | B42: Title plant rent and maintenance | C42: 0 | D42: 0 | E42: 0 | F42: =SUM(C42:E42) -> 0
A43: 7. | B43: Claim adjustment services | C43: 0 | D43: 0 | E43: 0 | F43: =SUM(C43:E43) -> 0
A44: 8. | B44: Amounts charged off, net of recoveries | C44: 1 | D44: 0 | E44: 0 | F44: =SUM(C44:E44) -> 1
A45: 9. | B45: Marketing and promotional expenses | C45: 0 | D45: 0 | E45: 0 | F45: =SUM(C45:E45) -> 0
A46: 10. | B46: Insurance | C46: 1 | D46: 0 | E46: 0 | F46: =SUM(C46:E46) -> 1
A47: 11. | B47: Directors' fees | C47: 0 | D47: 0 | E47: 0 | F47: =SUM(C47:E47) -> 0
A48: 12. | B48: Travel and travel items | C48: 2 | D48: 0 | E48: 0 | F48: =SUM(C48:E48) -> 2
... A58: 22. | B58: Aggregate write-ins for miscellaneous expenses | C58: 0 | D58: 0 | E58: 0 | F58: =SUM(C58:E58) -> 0
A59: 23. | B59: Total Corporate Expenses | C59: =SUM(C37:C58) -> 117 | D59: =SUM(D37:D58) -> 0 | E59: =SUM(E37:E58) -> 1074 | F59: =SUM(F37:F58) -> 1191
A61: Part C: Net Income
A62: 1. | B62: Income (Loss) | C62: =C25-C59 -> 58 | D62: =D25-D59 -> 0 | E62: =E25-E59 -> -1074 | F62: =SUM(C62:E62) -> -1016

Sheet Old Republic National Title Ins
A1: NEW MEXICO TITLE INSURANCE UNDERWRITERS STATISTICAL REPORT
A2: FORM 1: STATEMENT OF INCOME AND EXPENSES
A3: For Calendar Year Ending December 31, 2024
A4: NEW MEXICO EXPERIENCE ONLY
B5: Insurance Company: | C5: Old Republic National Title Insurance Company
B6: NAIC Code: | C6: 50520
D8: Yes | E8: No
C9: Do you have direct operations or affiliated agencies in New Mexico? | D9: X
C11: If you DO have direct operations or affiliated agencies in New Mexico,
B12: are the expenses that are reported by those direct operations or affiliated agencies on their Agent Statistical Reports also included on Part B below? | D12: Yes | E12: No
E13: X
H14: Total Other | I14: NAIC
D15: Non-Affiliated | E15: Affiliated | H15: Income From | I15: Annual
C16: Direct | D16: Agency | E16: Agency | H16: Direct | I16: Statement
C17: Operations | D17: Operations | E17: Operations | F17: Total | H17: Operation ASR | I17: Schedule T | J17: Difference
A18: Part A: Revenue
A19: 1. | B19: Direct premiums written | C19: 7432735 | D19: 6457046 | E19: 0 | F19: =SUM(C19:E19) -> 13889781 | I19: 13889781 | J19: =F19-I19 -> 0
A20: 2. | B20: Direct premiums written that are retained by agent | C20: 5946188 | D20: 5165637 | E20: 0 | F20: =SUM(C20:E20) -> 11111825
A21: 3. | B21: Direct premiums written that are remitted to underwriter | C21: =C19-C20 -> 1486547 | D21: =D19-D20 -> 1291409 | E21: =E19-E20 -> 0 | F21: =SUM(C21:E21) -> 2777956
A22: 4. | B22: Escrow and settlement service charges | C22: 72029 | D22: 0 | E22: 0 | F22: =SUM(C22:E22) -> 72029
A23: 5. | B23: Other title fees and service charges | C23: 69062 | D23: 0 | E23: 0 | F23: =SUM(C23:E23) -> 69062
A24: 6. | B24: Total Other Income | C24: =C22+C23 -> 141091 | D24: =D22+D23 -> 0 | E24: =E22+E23 -> 0 | F24: =SUM(C24:E24) -> 141091 | H24: 3179827 | I24: 3320918 | J24: =F24+H24-I24 -> 0
A25: 7. | B25: Total Revenue | C25: =C21+C24 -> 1627638 | D25: =D21+D24 -> 1291409 | E25: =E21+E24 -> 0 | F25: =SUM(C25:E25) -> 2919047
A27: For underwriters that charge rates below the promulgated rates: | I27: From Form 3 | J27: Difference
A28: 8. | B28: Direct premiums as if they had been written at promulgated rates | C28: 0 | D28: 0 | E28: 0 | F28: =SUM(C28:E28) -> 0 | I28: 0 | J28: =F28-I28 -> 0
A30: Part B: Corporate Expenses
A32: Line 1 as defined per NAIC Annual Statement, STATEMENT OF INCOME Exhibit.
A33: Lines 2 through 22 as defined per NAIC Annual Statement, EXPENSES Exhibit.
A35: All entries should show NEW MEXICO expenses only and should NOT show any expenses reported by a direct or affiliated operation on their Agent Statistical Reports.
A37: 1. | B37: Losses and loss adjustment expenses incurred | C37: 0 | D37: 407993 | E37: 0 | F37: =SUM(C37:E37) -> 407993
A38: 2. | B38: Total personnel costs | C38: 258119 | D38: 232242 | E38: 0 | F38: =SUM(C38:E38) -> 490361
A39: 3. | B39: Total production services purchased outside | C39: 0 | D39: 0 | E39: 0 | F39: =SUM(C39:E39) -> 0
A40: 4. | B40: Advertising | C40: 0 | D40: 6405 | E40: 0 | F40: =SUM(C40:E40) -> 6405
A41: 5. | B41: Boards, bureaus and associations | C41: 0 | D41: 6000 | E41: 0 | F41: =SUM(C41:E41) -> 6000
A42: 6. | B42: Title plant rent and maintenance | C42: 71425 | D42: 0 | E42: 0 | F42: =SUM(C42:E42) -> 71425
A43: 7. | B43: Claim adjustment services | C43: 0 | D43: 0 | E43: 0 | F43: =SUM(C43:E43) -> 0
A44: 8. | B44: Amounts charged off, net of recoveries | C44: 0 | D44: 39835 | E44: 0 | F44: =SUM(C44:E44) -> 39835
A45: 9. | B45: Marketing and promotional expenses | C45: 0 | D45: 0 | E45: 0 | F45: =SUM(C45:E45) -> 0
A46: 10. | B46: Insurance | C46: 0 | D46: 9088 | E46: 0 | F46: =SUM(C46:E46) -> 9088
A47: 11. | B47: Directors' fees | C47: 0 | D47: 0 | E47: 0 | F47: =SUM(C47:E47) -> 0
A48: 12. | B48: Travel and travel items | C48: 4200 | D48: 13703 | E48: 0 | F48: =SUM(C48:E48) -> 17903
... A58: 22. | B58: Aggregate write-ins for miscellaneous expenses | C58: 16569 | D58: 363185 | E58: 0 | F58: =SUM(C58:E58) -> 379754
A59: 23. | B59: Total Corporate Expenses | C59: =SUM(C37:C58) -> 361485 | D59: =SUM(D37:D58) -> 1376381 | E59: =SUM(E37:E58) -> 0 | F59: =SUM(F37:F58) -> 1737866
A61: Part C: Net Income
A62: 1. | B62: Income (Loss) | C62: =C25-C59 -> 1266153 | D62: =D25-D59 -> -84972 | E62: =E25-E59 -> 0 | F62: =SUM(C62:E62) -> 1181181

Sheet Premier Land Title Insurance Co
A1: NEW MEXICO TITLE INSURANCE UNDERWRITERS STATISTICAL REPORT
A2: FORM 1: STATEMENT OF INCOME AND EXPENSES
A3: For Calendar Year Ending December 31, 2024
A4: NEW MEXICO EXPERIENCE ONLY
B5: Insurance Company: | C5: Premier Land Title Insurance Company
B6: NAIC Code: | C6: 50026
D8: Yes | E8: No
C9: Do you have direct operations or affiliated agencies in New Mexico? | D9: X
C11: If you DO have direct operations or affiliated agencies in New Mexico,
B12: are the expenses that are reported by those direct operations or affiliated agencies on their Agent Statistical Reports also included on Part B below? | D12: Yes | E12: No
E13: X
H14: Total Other | I14: NAIC
D15: Non-Affiliated | E15: Affiliated | H15: Income From | I15: Annual
C16: Direct | D16: Agency | E16: Agency | H16: Direct | I16: Statement
C17: Operations | D17: Operations | E17: Operations | F17: Total | H17: Operation ASR | I17: Schedule T | J17: Difference
A18: Part A: Revenue
A19: 1. | B19: Direct premiums written | C19: 0 | D19: 0 | E19: 942424 | F19: =SUM(C19:E19) -> 942424 | I19: 942424 | J19: =F19-I19 -> 0
A20: 2. | B20: Direct premiums written that are retained by agent | C20: 0 | D20: 0 | E20: 753994 | F20: =SUM(C20:E20) -> 753994
A21: 3. | B21: Direct premiums written that are remitted to underwriter | C21: =C19-C20 -> 0 | D21: =D19-D20 -> 0 | E21: =E19-E20 -> 188430 | F21: =SUM(C21:E21) -> 188430
A22: 4. | B22: Escrow and settlement service charges | C22: 0 | D22: 0 | E22: 0 | F22: =SUM(C22:E22) -> 0
A23: 5. | B23: Other title fees and service charges | C23: 0 | D23: 0 | E23: 0 | F23: =SUM(C23:E23) -> 0
A24: 6. | B24: Total Other Income | C24: =C22+C23 -> 0 | D24: =D22+D23 -> 0 | E24: =E22+E23 -> 0 | F24: =SUM(C24:E24) -> 0 | H24: 0 | I24: 0 | J24: =F24+H24-I24 -> 0
A25: 7. | B25: Total Revenue | C25: =C21+C24 -> 0 | D25: =D21+D24 -> 0 | E25: =E21+E24 -> 188430 | F25: =SUM(C25:E25) -> 188430
A27: For underwriters that charge rates below the promulgated rates: | I27: From Form 3 | J27: Difference
A28: 8. | B28: Direct premiums as if they had been written at promulgated rates | C28: 0 | D28: 0 | E28: 0 | F28: =SUM(C28:E28) -> 0 | I28: 0 | J28: =F28-I28 -> 0
A30: Part B: Corporate Expenses
A32: Line 1 as defined per NAIC Annual Statement, STATEMENT OF INCOME Exhibit.
A33: Lines 2 through 22 as defined per NAIC Annual Statement, EXPENSES Exhibit.
A35: All entries should show NEW MEXICO expenses only and should NOT show any expenses reported by a direct or affiliated operation on their Agent Statistical Reports.
A37: 1. | B37: Losses and loss adjustment expenses incurred | C37: 0 | D37: 0 | E37: 0 | F37: =SUM(C37:E37) -> 0
A38: 2. | B38: Total personnel costs | C38: 0 | D38: 0 | E38: 0 | F38: =SUM(C38:E38) -> 0
A39: 3. | B39: Total production services purchased outside | C39: 0 | D39: 0 | E39: 0 | F39: =SUM(C39:E39) -> 0
A40: 4. | B40: Advertising | C40: 0 | D40: 0 | E40: 0 | F40: =SUM(C40:E40) -> 0
A41: 5. | B41: Boards, bureaus and associations | C41: 0 | D41: 0 | E41: 0 | F41: =SUM(C41:E41) -> 0
A42: 6. | B42: Title plant rent and maintenance | C42: 0 | D42: 0 | E42: 0 | F42: =SUM(C42:E42) -> 0
A43: 7. | B43: Claim adjustment services | C43: 0 | D43: 0 | E43: 0 | F43: =SUM(C43:E43) -> 0
A44: 8. | B44: Amounts charged off, net of recoveries | C44: 0 | D44: 0 | E44: 0 | F44: =SUM(C44:E44) -> 0
A45: 9. | B45: Marketing and promotional expenses | C45: 0 | D45: 0 | E45: 0 | F45: =SUM(C45:E45) -> 0
A46: 10. | B46: Insurance | C46: 0 | D46: 0 | E46: 0 | F46: =SUM(C46:E46) -> 0
A47: 11. | B47: Directors' fees | C47: 0 | D47: 0 | E47: 0 | F47: =SUM(C47:E47) -> 0
A48: 12. | B48: Travel and travel items | C48: 0 | D48: 0 | E48: 0 | F48: =SUM(C48:E48) -> 0
... A58: 22. | B58: Aggregate write-ins for miscellaneous expenses | C58: 0 | D58: 0 | E58: 0 | F58: =SUM(C58:E58) -> 0
A59: 23. | B59: Total Corporate Expenses | C59: =SUM(C37:C58) -> 0 | D59: =SUM(D37:D58) -> 0 | E59: =SUM(E37:E58) -> 37416 | F59: =SUM(F37:F58) -> 37416
A61: Part C: Net Income
A62: 1. | B62: Income (Loss) | C62: =C25-C59 -> 0 | D62: =D25-D59 -> 0 | E62: =E25-E59 -> 151014 | F62: =SUM(C62:E62) -> 151014

Sheet Radian Title Insurance Inc
A1: NEW MEXICO TITLE INSURANCE UNDERWRITERS STATISTICAL REPORT
A2: FORM 1: STATEMENT OF INCOME AND EXPENSES
A3: For Calendar Year Ending December 31, 2024
A4: NEW MEXICO EXPERIENCE ONLY
B5: Insurance Company: | C5: Radian Title Insurance Inc.
B6: NAIC Code: | C6: 51632
D8: Yes | E8: No
C9: Do you have direct operations or affiliated agencies in New Mexico? | E9: X
C11: If you DO have direct operations or affiliated agencies in New Mexico,
B12: are the expenses that are reported by those direct operations or affiliated agencies on their Agent Statistical Reports also included on Part B below? | D12: Yes | E12: No
H14: Total Other | I14: NAIC
D15: Non-Affiliated | E15: Affiliated | H15: Income From | I15: Annual
C16: Direct | D16: Agency | E16: Agency | H16: Direct | I16: Statement
C17: Operations | D17: Operations | E17: Operations | F17: Total | H17: Operation ASR | I17: Schedule T | J17: Difference
A18: Part A: Revenue
A19: 1. | B19: Direct premiums written | C19: 0 | D19: 0 | E19: 0 | F19: =SUM(C19:E19) -> 0 | I19: 0 | J19: =F19-I19 -> 0
A20: 2. | B20: Direct premiums written that are retained by agent | C20: 0 | D20: 0 | E20: 0 | F20: =SUM(C20:E20) -> 0
A21: 3. | B21: Direct premiums written that are remitted to underwriter | C21: =C19-C20 -> 0 | D21: =D19-D20 -> 0 | E21: =E19-E20 -> 0 | F21: =SUM(C21:E21) -> 0
A22: 4. | B22: Escrow and settlement service charges | C22: 0 | D22: 0 | E22: 0 | F22: =SUM(C22:E22) -> 0
A23: 5. | B23: Other title fees and service charges | C23: 58 | D23: 0 | E23: 0 | F23: =SUM(C23:E23) -> 58
A24: 6. | B24: Total Other Income | C24: =C22+C23 -> 58 | D24: =D22+D23 -> 0 | E24: =E22+E23 -> 0 | F24: =SUM(C24:E24) -> 58 | H24: 0 | I24: 58 | J24: =F24+H24-I24 -> 0
A25: 7. | B25: Total Revenue | C25: =C21+C24 -> 58 | D25: =D21+D24 -> 0 | E25: =E21+E24 -> 0 | F25: =SUM(C25:E25) -> 58
A27: For underwriters that charge rates below the promulgated rates: | I27: From Form 3 | J27: Difference
A28: 8. | B28: Direct premiums as if they had been written at promulgated rates | C28: 0 | D28: 0 | E28: 0 | F28: =SUM(C28:E28) -> 0 | I28: 0 | J28: =F28-I28 -> 0
A30: Part B: Corporate Expenses
A32: Line 1 as defined per NAIC Annual Statement, STATEMENT OF INCOME Exhibit.
A33: Lines 2 through 22 as defined per NAIC Annual Statement, EXPENSES Exhibit.
A35: All entries should show NEW MEXICO expenses only and should NOT show any expenses reported by a direct or affiliated operation on their Agent Statistical Reports.
A37: 1. | B37: Losses and loss adjustment expenses incurred | C37: 0 | D37: 0 | E37: 0 | F37: =SUM(C37:E37) -> 0
A38: 2. | B38: Total personnel costs | C38: 0 | D38: 0 | E38: 0 | F38: =SUM(C38:E38) -> 0
A39: 3. | B39: Total production services purchased outside | C39: 0 | D39: 0 | E39: 0 | F39: =SUM(C39:E39) -> 0
A40: 4. | B40: Advertising | C40: 0 | D40: 0 | E40: 0 | F40: =SUM(C40:E40) -> 0
A41: 5. | B41: Boards, bureaus and associations | C41: 0 | D41: 0 | E41: 0 | F41: =SUM(C41:E41) -> 0
A42: 6. | B42: Title plant rent and maintenance | C42: 0 | D42: 0 | E42: 0 | F42: =SUM(C42:E42) -> 0
A43: 7. | B43: Claim adjustment services | C43: 0 | D43: 0 | E43: 0 | F43: =SUM(C43:E43) -> 0
A44: 8. | B44: Amounts charged off, net of recoveries | C44: 0 | D44: 0 | E44: 0 | F44: =SUM(C44:E44) -> 0
A45: 9. | B45: Marketing and promotional expenses | C45: 0 | D45: 0 | E45: 0 | F45: =SUM(C45:E45) -> 0
A46: 10. | B46: Insurance | C46: 0 | D46: 0 | E46: 0 | F46: =SUM(C46:E46) -> 0
A47: 11. | B47: Directors' fees | C47: 0 | D47: 0 | E47: 0 | F47: =SUM(C47:E47) -> 0
A48: 12. | B48: Travel and travel items | C48: 0 | D48: 0 | E48: 0 | F48: =SUM(C48:E48) -> 0
... A58: 22. | B58: Aggregate write-ins for miscellaneous expenses | C58: 0 | D58: 0 | E58: 0 | F58: =SUM(C58:E58) -> 0
A59: 23. | B59: Total Corporate Expenses | C59: =SUM(C37:C58) -> 815 | D59: =SUM(D37:D58) -> 0 | E59: =SUM(E37:E58) -> 0 | F59: =SUM(F37:F58) -> 815
A61: Part C: Net Income
A62: 1. | B62: Income (Loss) | C62: =C25-C59 -> -757 | D62: =D25-D59 -> 0 | E62: =E25-E59 -> 0 | F62: =SUM(C62:E62) -> -757

Sheet Stewart Title Guaranty Company
A1: NEW MEXICO TITLE INSURANCE UNDERWRITERS STATISTICAL REPORT
A2: FORM 1: STATEMENT OF INCOME AND EXPENSES
A3: For Calendar Year Ending December 31, 2024
A4: NEW MEXICO EXPERIENCE ONLY
B5: Insurance Company: | C5: Stewart Title Guaranty Company
B6: NAIC Code: | C6: 50121
D8: Yes | E8: No
C9: Do you have direct operations or affiliated agencies in New Mexico? | D9: X
C11: If you DO have direct operations or affiliated agencies in New Mexico,
B12: are the expenses that are reported by those direct operations or affiliated agencies on their Agent Statistical Reports also included on Part B below? | D12: Yes | E12: No
E13: X
H14: Total Other | I14: NAIC
D15: Non-Affiliated | E15: Affiliated | H15: Income From | I15: Annual
C16: Direct | D16: Agency | E16: Agency | H16: Direct | I16: Statement
C17: Operations | D17: Operations | E17: Operations | F17: Total | H17: Operation ASR | I17: Schedule T | J17: Difference
A18: Part A: Revenue
A19: 1. | B19: Direct premiums written | C19: 842251 | D19: 3601510 | E19: 10433448 | F19: =SUM(C19:E19) -> 14877209 | I19: 14877209 | J19: =F19-I19 -> 0
A20: 2. | B20: Direct premiums written that are retained by agent | C20: 673800 | D20: 2181007 | E20: 7024395 | F20: =SUM(C20:E20) -> 9879202
A21: 3. | B21: Direct premiums written that are remitted to underwriter | C21: =C19-C20 -> 168451 | D21: =D19-D20 -> 1420503 | E21: =E19-E20 -> 3409053 | F21: =SUM(C21:E21) -> 4998007
A22: 4. | B22: Escrow and settlement service charges | C22: 148803 | D22: 0 | E22: 0 | F22: =SUM(C22:E22) -> 148803
A23: 5. | B23: Other title fees and service charges | C23: 83479 | D23: 0 | E23: 0 | F23: =SUM(C23:E23) -> 83479
A24: 6. | B24: Total Other Income | C24: =C22+C23 -> 232282 | D24: =D22+D23 -> 0 | E24: =E22+E23 -> 0 | F24: =SUM(C24:E24) -> 232282 | H24: 0 | I24: 232282 | J24: =F24+H24-I24 -> 0
A25: 7. | B25: Total Revenue | C25: =C21+C24 -> 400733 | D25: =D21+D24 -> 1420503 | E25: =E21+E24 -> 3409053 | F25: =SUM(C25:E25) -> 5230289
A27: For underwriters that charge rates below the promulgated rates: | I27: From Form 3 | J27: Difference
A28: 8. | B28: Direct premiums as if they had been written at promulgated rates | C28: 0 | D28: 0 | E28: 0 | F28: =SUM(C28:E28) -> 0 | I28: 0 | J28: =F28-I28 -> 0
A30: Part B: Corporate Expenses
A32: Line 1 as defined per NAIC Annual Statement, STATEMENT OF INCOME Exhibit.
A33: Lines 2 through 22 as defined per NAIC Annual Statement, EXPENSES Exhibit.
A35: All entries should show NEW MEXICO expenses only and should NOT show any expenses reported by a direct or affiliated operation on their Agent Statistical Reports.
A37: 1. | B37: Losses and loss adjustment expenses incurred | C37: 487 | D37: -68870 | E37: 160301 | F37: =SUM(C37:E37) -> 91918
A38: 2. | B38: Total personnel costs | C38: 413529 | D38: 258845 | E38: 749865 | F38: =SUM(C38:E38) -> 1422239
A39: 3. | B39: Total production services purchased outside | C39: -195126 | D39: 0 | E39: 0 | F39: =SUM(C39:E39) -> -195126
A40: 4. | B40: Advertising | C40: 527 | D40: 2053 | E40: 1021 | F40: =SUM(C40:E40) -> 3601
A41: 5. | B41: Boards, bureaus and associations | C41: 850 | D41: 3312 | E41: 1646 | F41: =SUM(C41:E41) -> 5808
A42: 6. | B42: Title plant rent and maintenance | C42: 2335 | D42: 0 | E42: 0 | F42: =SUM(C42:E42) -> 2335
A43: 7. | B43: Claim adjustment services | C43: 0 | D43: 0 | E43: 0 | F43: =SUM(C43:E43) -> 0
A44: 8. | B44: Amounts charged off, net of recoveries | C44: 0 | D44: 12208 | E44: 0 | F44: =SUM(C44:E44) -> 12208
A45: 9. | B45: Marketing and promotional expenses | C45: 3997 | D45: 15572 | E45: 7740 | F45: =SUM(C45:E45) -> 27309
A46: 10. | B46: Insurance | C46: 775 | D46: 3018 | E46: 1500 | F46: =SUM(C46:E46) -> 5293
A47: 11. | B47: Directors' fees | C47: 0 | D47: 0 | E47: 0 | F47: =SUM(C47:E47) -> 0
A48: 12. | B48: Travel and travel items | C48: 4506 | D48: 17553 | E48: 8725 | F48: =SUM(C48:E48) -> 30784
... A58: 22. | B58: Aggregate write-ins for miscellaneous expenses | C58: 1313 | D58: 5115 | E58: 2541 | F58: =SUM(C58:E58) -> 8969
A59: 23. | B59: Total Corporate Expenses | C59: =SUM(C37:C58) -> 347306 | D59: =SUM(D37:D58) -> 705898 | E59: =SUM(E37:E58) -> 1499321 | F59: =SUM(F37:F58) -> 2552525
A61: Part C: Net Income
A62: 1. | B62: Income (Loss) | C62: =C25-C59 -> 53427 | D62: =D25-D59 -> 714605 | E62: =E25-E59 -> 1909732 | F62: =SUM(C62:E62) -> 2677764

Sheet Title Resources Guaranty Co
A1: NEW MEXICO TITLE INSURANCE UNDERWRITERS STATISTICAL REPORT
A2: FORM 1: STATEMENT OF INCOME AND EXPENSES
A3: For Calendar Year Ending December 31, 2024
A4: NEW MEXICO EXPERIENCE ONLY
B5: Insurance Company: | C5: Title Resources Guaranty Company
B6: NAIC Code: | C6: 50016
D8: Yes | E8: No
C9: Do you have direct operations or affiliated agencies in New Mexico? | E9: x
C11: If you DO have direct operations or affiliated agencies in New Mexico,
B12: are the expenses that are reported by those direct operations or affiliated agencies on their Agent Statistical Reports also included on Part B below? | D12: Yes | E12: No
E13: x
H14: Total Other | I14: NAIC
D15: Non-Affiliated | E15: Affiliated | H15: Income From | I15: Annual
C16: Direct | D16: Agency | E16: Agency | H16: Direct | I16: Statement
C17: Operations | D17: Operations | E17: Operations | F17: Total | H17: Operation ASR | I17: Schedule T | J17: Difference
A18: Part A: Revenue
A19: 1. | B19: Direct premiums written | C19: 0 | D19: 28854 | E19: 0 | F19: =SUM(C19:E19) -> 28854 | I19: 28854 | J19: =F19-I19 -> 0
A20: 2. | B20: Direct premiums written that are retained by agent | C20: 0 | D20: 23083 | E20: 0 | F20: =SUM(C20:E20) -> 23083
A21: 3. | B21: Direct premiums written that are remitted to underwriter | C21: =C19-C20 -> 0 | D21: =D19-D20 -> 5771 | E21: =E19-E20 -> 0 | F21: =SUM(C21:E21) -> 5771
A22: 4. | B22: Escrow and settlement service charges | C22: 0 | D22: 0 | E22: 0 | F22: =SUM(C22:E22) -> 0
A23: 5. | B23: Other title fees and service charges | C23: 0 | D23: 0 | E23: 0 | F23: =SUM(C23:E23) -> 0
A24: 6. | B24: Total Other Income | C24: =C22+C23 -> 0 | D24: =D22+D23 -> 0 | E24: =E22+E23 -> 0 | F24: =SUM(C24:E24) -> 0 | H24: 0 | I24: 0 | J24: =F24+H24-I24 -> 0
A25: 7. | B25: Total Revenue | C25: =C21+C24 -> 0 | D25: =D21+D24 -> 5771 | E25: =E21+E24 -> 0 | F25: =SUM(C25:E25) -> 5771
A27: For underwriters that charge rates below the promulgated rates: | I27: From Form 3 | J27: Difference
A28: 8. | B28: Direct premiums as if they had been written at promulgated rates | C28: 0 | D28: 0 | E28: 0 | F28: =SUM(C28:E28) -> 0 | I28: 0 | J28: =F28-I28 -> 0
A30: Part B: Corporate Expenses
A32: Line 1 as defined per NAIC Annual Statement, STATEMENT OF INCOME Exhibit.
A33: Lines 2 through 22 as defined per NAIC Annual Statement, EXPENSES Exhibit.
A35: All entries should show NEW MEXICO expenses only and should NOT show any expenses reported by a direct or affiliated operation on their Agent Statistical Reports.
A37: 1. | B37: Losses and loss adjustment expenses incurred | C37: 0 | D37: 0 | E37: 0 | F37: =SUM(C37:E37) -> 0
A38: 2. | B38: Total personnel costs | C38: 0 | D38: 1536 | E38: 0 | F38: =SUM(C38:E38) -> 1536
A39: 3. | B39: Total production services purchased outside | C39: 0 | D39: 0 | E39: 0 | F39: =SUM(C39:E39) -> 0
A40: 4. | B40: Advertising | C40: 0 | D40: 0 | E40: 0 | F40: =SUM(C40:E40) -> 0
A41: 5. | B41: Boards, bureaus and associations | C41: 0 | D41: 0 | E41: 0 | F41: =SUM(C41:E41) -> 0
A42: 6. | B42: Title plant rent and maintenance | C42: 0 | D42: 84 | E42: 0 | F42: =SUM(C42:E42) -> 84
A43: 7. | B43: Claim adjustment services | C43: 0 | D43: 0 | E43: 0 | F43: =SUM(C43:E43) -> 0
A44: 8. | B44: Amounts charged off, net of recoveries | C44: 0 | D44: 0 | E44: 0 | F44: =SUM(C44:E44) -> 0
A45: 9. | B45: Marketing and promotional expenses | C45: 0 | D45: 79 | E45: 0 | F45: =SUM(C45:E45) -> 79
A46: 10. | B46: Insurance | C46: 0 | D46: 0 | E46: 0 | F46: =SUM(C46:E46) -> 0
A47: 11. | B47: Directors' fees | C47: 0 | D47: 0 | E47: 0 | F47: =SUM(C47:E47) -> 0
A48: 12. | B48: Travel and travel items | C48: 0 | D48: 40 | E48: 0 | F48: =SUM(C48:E48) -> 40
... A58: 22. | B58: Aggregate write-ins for miscellaneous expenses | C58: 0 | D58: 0 | E58: 0 | F58: =SUM(C58:E58) -> 0
A59: 23. | B59: Total Corporate Expenses | C59: =SUM(C37:C58) -> 0 | D59: =SUM(D37:D58) -> 7862 | E59: =SUM(E37:E58) -> 0 | F59: =SUM(F37:F58) -> 7862
A61: Part C: Net Income
A62: 1. | B62: Income (Loss) | C62: =C25-C59 -> 0 | D62: =D25-D59 -> -2091 | E62: =E25-E59 -> 0 | F62: =SUM(C62:E62) -> -2091

Sheet Westcor Land Title Insurance Co
A1: NEW MEXICO TITLE INSURANCE UNDERWRITERS STATISTICAL REPORT
A2: FORM 1: STATEMENT OF INCOME AND EXPENSES
A3: For Calendar Year Ending December 31, 2024
A4: NEW MEXICO EXPERIENCE ONLY
B5: Insurance Company: | C5: Westcor Land Title Insurance Company
B6: NAIC Code: | C6: 50050
D8: Yes | E8: No
C9: Do you have direct operations or affiliated agencies in New Mexico? | E9: X
C11: If you DO have direct operations or affiliated agencies in New Mexico,
B12: are the expenses that are reported by those direct operations or affiliated agencies on their Agent Statistical Reports also included on Part B below? | D12: Yes | E12: No
E13: X
H14: Total Other | I14: NAIC
D15: Non-Affiliated | E15: Affiliated | H15: Income From | I15: Annual
C16: Direct | D16: Agency | E16: Agency | H16: Direct | I16: Statement
C17: Operations | D17: Operations | E17: Operations | F17: Total | H17: Operation ASR | I17: Schedule T | J17: Difference
A18: Part A: Revenue
A19: 1. | B19: Direct premiums written | C19: 0 | D19: 1144490 | E19: 0 | F19: =SUM(C19:E19) -> 1144490 | I19: 1144490 | J19: =F19-I19 -> 0
A20: 2. | B20: Direct premiums written that are retained by agent | C20: 0 | D20: 997966 | E20: 0 | F20: =SUM(C20:E20) -> 997966
A21: 3. | B21: Direct premiums written that are remitted to underwriter | C21: =C19-C20 -> 0 | D21: =D19-D20 -> 146524 | E21: =E19-E20 -> 0 | F21: =SUM(C21:E21) -> 146524
A22: 4. | B22: Escrow and settlement service charges | C22: 0 | D22: 0 | E22: 0 | F22: =SUM(C22:E22) -> 0
A23: 5. | B23: Other title fees and service charges | C23: 0 | D23: 0 | E23: 0 | F23: =SUM(C23:E23) -> 0
A24: 6. | B24: Total Other Income | C24: =C22+C23 -> 0 | D24: =D22+D23 -> 0 | E24: =E22+E23 -> 0 | F24: =SUM(C24:E24) -> 0 | H24: 0 | I24: 0 | J24: =F24+H24-I24 -> 0
A25: 7. | B25: Total Revenue | C25: =C21+C24 -> 0 | D25: =D21+D24 -> 146524 | E25: =E21+E24 -> 0 | F25: =SUM(C25:E25) -> 146524
A27: For underwriters that charge rates below the promulgated rates: | I27: From Form 3 | J27: Difference
A28: 8. | B28: Direct premiums as if they had been written at promulgated rates | C28: 0 | D28: 0 | E28: 0 | F28: =SUM(C28:E28) -> 0 | I28: 0 | J28: =F28-I28 -> 0
A30: Part B: Corporate Expenses
A32: Line 1 as defined per NAIC Annual Statement, STATEMENT OF INCOME Exhibit.
A33: Lines 2 through 22 as defined per NAIC Annual Statement, EXPENSES Exhibit.
A35: All entries should show NEW MEXICO expenses only and should NOT show any expenses reported by a direct or affiliated operation on their Agent Statistical Reports.
A37: 1. | B37: Losses and loss adjustment expenses incurred | C37: 0 | D37: 0 | E37: 0 | F37: =SUM(C37:E37) -> 0
A38: 2. | B38: Total personnel costs | C38: 0 | D38: 59811 | E38: 0 | F38: =SUM(C38:E38) -> 59811
A39: 3. | B39: Total production services purchased outside | C39: 0 | D39: 6255 | E39: 0 | F39: =SUM(C39:E39) -> 6255
A40: 4. | B40: Advertising | C40: 0 | D40: 0 | E40: 0 | F40: =SUM(C40:E40) -> 0
A41: 5. | B41: Boards, bureaus and associations | C41: 0 | D41: 940 | E41: 0 | F41: =SUM(C41:E41) -> 940
A42: 6. | B42: Title plant rent and maintenance | C42: 0 | D42: 0 | E42: 0 | F42: =SUM(C42:E42) -> 0
A43: 7. | B43: Claim adjustment services | C43: 0 | D43: 0 | E43: 0 | F43: =SUM(C43:E43) -> 0
A44: 8. | B44: Amounts charged off, net of recoveries | C44: 0 | D44: 775 | E44: 0 | F44: =SUM(C44:E44) -> 775
A45: 9. | B45: Marketing and promotional expenses | C45: 0 | D45: 1635 | E45: 0 | F45: =SUM(C45:E45) -> 1635
A46: 10. | B46: Insurance | C46: 0 | D46: 1047 | E46: 0 | F46: =SUM(C46:E46) -> 1047
A47: 11. | B47: Directors' fees | C47: 0 | D47: 0 | E47: 0 | F47: =SUM(C47:E47) -> 0
A48: 12. | B48: Travel and travel items | C48: 0 | D48: 1748 | E48: 0 | F48: =SUM(C48:E48) -> 1748
... A58: 22. | B58: Aggregate write-ins for miscellaneous expenses | C58: 0 | D58: 349 | E58: 0 | F58: =SUM(C58:E58) -> 349
A59: 23. | B59: Total Corporate Expenses | C59: =SUM(C37:C58) -> 0 | D59: =SUM(D37:D58) -> 117288 | E59: =SUM(E37:E58) -> 0 | F59: =SUM(F37:F58) -> 117288
A61: Part C: Net Income
A62: 1. | B62: Income (Loss) | C62: =C25-C59 -> 0 | D62: =D25-D59 -> 29236 | E62: =E25-E59 -> 0 | F62: =SUM(C62:E62) -> 29236

Sheet WFG National Title Insurance Co
A1: NEW MEXICO TITLE INSURANCE UNDERWRITERS STATISTICAL REPORT
A2: FORM 1: STATEMENT OF INCOME AND EXPENSES
A3: For Calendar Year Ending December 31, 2024
A4: NEW MEXICO EXPERIENCE ONLY
B5: Insurance Company: | C5: WFG National Title Insurance Company
B6: NAIC Code: | C6: 51152
D8: Yes | E8: No
C9: Do you have direct operations or affiliated agencies in New Mexico? | D9: X
C11: If you DO have direct operations or affiliated agencies in New Mexico,
B12: are the expenses that are reported by those direct operations or affiliated agencies on their Agent Statistical Reports also included on Part B below? | D12: Yes | E12: No
E13: X
H14: Total Other | I14: NAIC
D15: Non-Affiliated | E15: Affiliated | H15: Income From | I15: Annual
C16: Direct | D16: Agency | E16: Agency | H16: Direct | I16: Statement
C17: Operations | D17: Operations | E17: Operations | F17: Total | H17: Operation ASR | I17: Schedule T | J17: Difference
A18: Part A: Revenue
A19: 1. | B19: Direct premiums written | C19: 0 | D19: 2963140 | E19: 0 | F19: =SUM(C19:E19) -> 2963140 | I19: 2963140 | J19: =F19-I19 -> 0
A20: 2. | B20: Direct premiums written that are retained by agent | C20: 0 | D20: 2358349 | E20: 0 | F20: =SUM(C20:E20) -> 2358349
A21: 3. | B21: Direct premiums written that are remitted to underwriter | C21: =C19-C20 -> 0 | D21: =D19-D20 -> 604791 | E21: =E19-E20 -> 0 | F21: =SUM(C21:E21) -> 604791
A22: 4. | B22: Escrow and settlement service charges | C22: 0 | D22: 0 | E22: 0 | F22: =SUM(C22:E22) -> 0
A23: 5. | B23: Other title fees and service charges | C23: 42122 | D23: 0 | E23: 0 | F23: =SUM(C23:E23) -> 42122
A24: 6. | B24: Total Other Income | C24: =C22+C23 -> 42122 | D24: =D22+D23 -> 0 | E24: =E22+E23 -> 0 | F24: =SUM(C24:E24) -> 42122 | H24: 0 | I24: 42122 | J24: =F24+H24-I24 -> 0
A25: 7. | B25: Total Revenue | C25: =C21+C24 -> 42122 | D25: =D21+D24 -> 604791 | E25: =E21+E24 -> 0 | F25: =SUM(C25:E25) -> 646913
A27: For underwriters that charge rates below the promulgated rates: | I27: From Form 3 | J27: Difference
A28: 8. | B28: Direct premiums as if they had been written at promulgated rates | C28: 0 | D28: 0 | E28: 0 | F28: =SUM(C28:E28) -> 0 | I28: 0 | J28: =F28-I28 -> 0
A30: Part B: Corporate Expenses
A32: Line 1 as defined per NAIC Annual Statement, STATEMENT OF INCOME Exhibit.
A33: Lines 2 through 22 as defined per NAIC Annual Statement, EXPENSES Exhibit.
A35: All entries should show NEW MEXICO expenses only and should NOT show any expenses reported by a direct or affiliated operation on their Agent Statistical Reports.
A37: 1. | B37: Losses and loss adjustment expenses incurred | C37: 0 | D37: 723 | E37: 0 | F37: =SUM(C37:E37) -> 723
A38: 2. | B38: Total personnel costs | C38: 25542 | D38: 359162 | E38: 0 | F38: =SUM(C38:E38) -> 384704
A39: 3. | B39: Total production services purchased outside | C39: 3171 | D39: 2633 | E39: 0 | F39: =SUM(C39:E39) -> 5804
A40: 4. | B40: Advertising | C40: 41 | D40: 21 | E40: 0 | F40: =SUM(C40:E40) -> 62
A41: 5. | B41: Boards, bureaus and associations | C41: 25 | D41: 3075 | E41: 0 | F41: =SUM(C41:E41) -> 3100
A42: 6. | B42: Title plant rent and maintenance | C42: 1975 | D42: 163 | E42: 0 | F42: =SUM(C42:E42) -> 2138
A43: 7. | B43: Claim adjustment services | C43: 0 | D43: 0 | E43: 0 | F43: =SUM(C43:E43) -> 0
A44: 8. | B44: Amounts charged off, net of recoveries | C44: 264 | D44: 10941 | E44: 0 | F44: =SUM(C44:E44) -> 11205
A45: 9. | B45: Marketing and promotional expenses | C45: 630 | D45: 5311 | E45: 0 | F45: =SUM(C45:E45) -> 5941
A46: 10. | B46: Insurance | C46: 31 | D46: 5934 | E46: 0 | F46: =SUM(C46:E46) -> 5965
A47: 11. | B47: Directors' fees | C47: 1 | D47: 166 | E47: 0 | F47: =SUM(C47:E47) -> 167
A48: 12. | B48: Travel and travel items | C48: 636 | D48: 15275 | E48: 0 | F48: =SUM(C48:E48) -> 15911
... A58: 22. | B58: Aggregate write-ins for miscellaneous expenses | C58: 11 | D58: 3901 | E58: 0 | F58: =SUM(C58:E58) -> 3912
A59: 23. | B59: Total Corporate Expenses | C59: =SUM(C37:C58) -> 37205 | D59: =SUM(D37:D58) -> 600207 | E59: =SUM(E37:E58) -> 0 | F59: =SUM(F37:F58) -> 637412
A61: Part C: Net Income
A62: 1. | B62: Income (Loss) | C62: =C25-C59 -> 4917 | D62: =D25-D59 -> 4584 | E62: =E25-E59 -> 0 | F62: =SUM(C62:E62) -> 9501
